Workbook

Sheet 紀伊國屋書店
B1: ISBN | C1: 書名 | D1: タイトル和訳 | E1: 著者名 | F1: 出版年月 | G1: 版次 | I1: 出版社名 | L1: 標準価格(1) | M1: Web販売価格(1) | N1: 通貨コード(1) | O1: 価格(1) | P1: 巻号 | Q1: ページ数 | R1: KDC (1)
A2: 洋書に見る「日本」 No. 59（2026秋号） | C2: 紀伊國屋書店が選書した日本関連の洋書を定期的にご案内する好評カタログです。 | J2: ※2026年9月24日時点の価格です。 ※全ての価格は、為替レートの変動や出版社の都合などにより、変更される場合があります。
A3: 主題 | B3: ISBN | C3: 書名 | D3: タイトル和訳 | E3: 著者名 | F3: 出版年月 | G3: 版次 | H3: 装丁 | I3: 出版社名 | J3: 標準価格 (税込) | K3: Web販売価格 (税込) | L3: 標準価格(本体) | M3: Web販売価格(本体) | N3: 通貨 | O3: 外価 | P3: 巻号 | Q3: ページ数 | R3: KDC (1) | S3: BWP元リンク | T3: BWPリンク
A4: 学術・文化一般 | B4: 9780241839270 | C4: The Art of Organizing Thoughts | D4: 外山滋比古『思考の整理学』（英訳） | E4: Toyama, Shigehiko/ Morris, Arthur Reiji (TRN) | F4: 202610 | H4: ハードカバー | I4: Penguin Life | J4: 4847 | K4: 4501 | L4: 4407 | M4: 4092 | N4: GBP | O4: 14.99 | Q4: 272 p. | R4: A00 | S4: https://pro.kinokuniya.co.jp/search_detail/product?search_detail_called=1&table_kbn=E&exp_id=9780241839270 | T4: =HYPERLINK(S4,"BWP") -> BWP
A5: 書物の歴史・文化 | B5: 9789004769724 | C5: Japanese Self-Help Book Covers: Multimodal Cross-Cultural Translations | D5: 日本発の世界的ベストセラー自己啓発書『嫌われる勇気』の各国版表紙：マルチモーダル異文化間翻訳研究 | E5: Sampson, Esther | F5: 202608 | H5: ペーパーバック | I5: Brill | J5: 16791 | K5: 13511 | L5: 15265 | M5: 12283 | N5: USD | O5: 71 | Q5: 142 p. | R5: A01 | S5: https://pro.kinokuniya.co.jp/search_detail/product?search_detail_called=1&table_kbn=E&exp_id=9789004769724 | T5: =HYPERLINK(S5,"BWP") -> BWP
A6: 東洋思想 | B6: 9781041278696 | C6: Handbook of Japanese Aesthetics(Handbooks on Japanese Studies) | D6: 日本美学ハンドブック | E6: Landeck, Melinda (EDT) | F6: 202610 | H6: ハードカバー | I6: Routledge | J6: 84084 | K6: 64121 | L6: 76440 | M6: 58292 | N6: GBP | O6: 260 | Q6: 364 p.; 21 Illustrations, black and white 21 Halftones, bl | R6: A16 | S6: https://pro.kinokuniya.co.jp/search_detail/product?search_detail_called=1&table_kbn=E&exp_id=9781041278696 | T6: =HYPERLINK(S6,"BWP") -> BWP
A7: 東洋思想 | B7: 9783032307163 | C7: Tetsugaku Companion to Happiness(Tetsugaku Companions to Japanese Philosophy 9) | D7: 古田徹也（編）／日本の幸福の哲学必携 | E7: Tetsuya, Furuta (EDT) | F7: 202607 | H7: ハードカバー | I7: Springer | J7: 38496 | K7: 28474 | L7: 34997 | M7: 25886 | N7: EUR | O7: 139.99 | P7: Vol. 9 | Q7: 182 p. | R7: A16 | S7: https://pro.kinokuniya.co.jp/search_detail/product?search_detail_called=1&table_kbn=E&exp_id=9783032307163 | T7: =HYPERLINK(S7,"BWP") -> BWP
A8: 宗教心理学・超心理学・オカルト | B8: 9781350557512 | C8: Esotericism in East Asia : Cultural Interpretation and Politics | D8: 東アジアにおけるエソテリシズム：文化的解釈と政治 | E8: Chuang, Chienhui (EDT)/ Han, Sangyun (EDT)/ Strube, Julian (EDT) | F8: 202608 | H8: ハードカバー | I8: Bloomsbury Academic | J8: 27489 | K8: 22066 | L8: 24990 | M8: 20060 | N8: GBP | O8: 85 | Q8: 320 p.; 4 b&w illus | R8: A22 | S8: https://pro.kinokuniya.co.jp/search_detail/product?search_detail_called=1&table_kbn=E&exp_id=9781350557512 | T8: =HYPERLINK(S8,"BWP") -> BWP
A9: 仏教・神道・道教・儒教 | B9: 9781032588759 | C9: Death and Funeral Practices in Japan(Routledge International Focus on Death and Funeral Practices) | D9: 日本における死と葬儀 | E9: Gould, Hannah/ Miyazawa, Aki/ Yamada, Shinya | F9: 202605 | H9: ペーパーバック | I9: Routledge | J9: 8081 | K9: 6162 | L9: 7347 | M9: 5602 | N9: GBP | O9: 24.99 | Q9: 142 p.; 10 Illustrations, black and white 10 Illustrations | R9: A26 | S9: https://pro.kinokuniya.co.jp/search_detail/product?search_detail_called=1&table_kbn=E&exp_id=9781032588759 | T9: =HYPERLINK(S9,"BWP") -> BWP
A10: 仏教・神道・道教・儒教 | B10: 9781350640979 | C10: Before Shinto : Buddhism and the Japanese Gods(Bloomsbury Shinto Studies) | D10: 神道以前：仏教と日本の神々 | E10: Rambelli, Fabio | F10: 202611 | H10: ハードカバー | I10: Bloomsbury Academic | J10: 27489 | K10: 22066 | L10: 24990 | M10: 20060 | N10: GBP | O10: 85 | Q10: 280 p.; 8 bw illus | R10: A26 | S10: https://pro.kinokuniya.co.jp/search_detail/product?search_detail_called=1&table_kbn=E&exp_id=9781350640979 | T10: =HYPERLINK(S10,"BWP") -> BWP
A11: 仏教・神道・道教・儒教 | B11: 9781041279037 | C11: Handbook of Women in Japanese Buddhism(Handbooks on Japanese Studies) | D11: 日本仏教における女性ハンドブック | E11: Schrimpf, Monika (EDT)/ Simpson, Emily B. (EDT) | F11: 202608 | H11: ハードカバー | I11: Routledge | J11: 84084 | K11: 64121 | L11: 76440 | M11: 58292 | N11: GBP | O11: 260 | Q11: 318 p.; 13 Illustrations, black and white 13 Halftones, bl | R11: A26 | S11: https://pro.kinokuniya.co.jp/search_detail/product?search_detail_called=1&table_kbn=E&exp_id=9781041279037 | T11: =HYPERLINK(S11,"BWP") -> BWP
A12: 仏教・神道・道教・儒教 | B12: 9781803514260 | C12: Zen and Ghibli : Life Lessons for Lasting Happiness from the Legendary Studio | D12: 鈴木敏夫『禅とジブリ』（英訳） | E12: Suzuki, Toshio/ Cary, Beth (TRN) | F12: 202610 | H12: ハードカバー | I12: Granta Books | J12: 4847 | K12: 4501 | L12: 4407 | M12: 4092 | N12: GBP | O12: 14.99 | Q12: 256 p. | R12: A26 | S12: https://pro.kinokuniya.co.jp/search_detail/product?search_detail_called=1&table_kbn=E&exp_id=9781803514260 | T12: =HYPERLINK(S12,"BWP") -> BWP
A13: ヨーロッパ一般 | B13: 9783032253750 | C13: Anglo-East Asian Exchanges in Literature, Culture, and Media(Asia-Pacific and Literature in English) | D13: 英国と東アジアの文学・文化・メディア交流史 | E13: Windberger, Eva-Maria (EDT)/ Neder, Judith (EDT) | F13: 202607 | H13: ハードカバー | I13: Palgrave Macmillan | J13: 46746 | K13: 34577 | L13: 42497 | M13: 31434 | N13: EUR | O13: 169.99 | Q13: 336 p.; X, 336 p. 30 illus., 19 illus. in color. | R13: A40 | S13: https://pro.kinokuniya.co.jp/search_detail/product?search_detail_called=1&table_kbn=E&exp_id=9783032253750 | T13: =HYPERLINK(S13,"BWP") -> BWP
A14: ヨーロッパ／中世 | B14: 9798880702732 | C14: The Disease of Money : Japan's Monetization in the Early Middle Ages(Japan and the World) | D14: 中世日本の貿易と外貨獲得 | E14: Adolphson, Mikael S. | F14: 202609 | H14: ハードカバー | I14: University of Hawai'i Press | J14: 17737 | K14: 16417 | L14: 16125 | M14: 14925 | N14: USD | O14: 75 | Q14: 220 p.; 20 b&w illustrations, 7 maps | R14: A41 | S14: https://pro.kinokuniya.co.jp/search_detail/product?search_detail_called=1&table_kbn=E&exp_id=9798880702732 | T14: =HYPERLINK(S14,"BWP") -> BWP
A15: 日本とアジア太平洋地域一般 | B15: 9781041184171 | C15: Picturing Commerce in and from the East Asian Maritime Circuits, 1550-1800(Visual and Material Culture, 1300-1700) | D15: 図版で読む東アジア海洋貿易1550-1800年 | E15: Bentley, Tamara H. (EDT) | F15: 202512 | H15: ペーパーバック | I15: Routledge | J15: 15519 | K15: 11834 | L15: 14109 | M15: 10759 | N15: GBP | O15: 47.99 | Q15: 320 p. | R15: A60 | S15: https://pro.kinokuniya.co.jp/search_detail/product?search_detail_called=1&table_kbn=E&exp_id=9781041184171 | T15: =HYPERLINK(S15,"BWP") -> BWP
A16: 日本／開国以前 | B16: 9781009602211 | C16: Pacific Overtures : Tokugawa Outreach to Habsburg Spain, 1600-1625 | D16: 徳川政権の太平洋への進出：1600-1625年におけるハプスブルク・スペインへの働きかけ | E16: Batts, Joshua | F16: 202610 | H16: ハードカバー | I16: Cambridge University Press | J16: 35574 | K16: 28556 | L16: 32340 | M16: 25960 | N16: GBP | O16: 110 | Q16: 350 p.; Worked examples or Exercises | R16: A611 | S16: https://pro.kinokuniya.co.jp/search_detail/product?search_detail_called=1&table_kbn=E&exp_id=9781009602211 | T16: =HYPERLINK(S16,"BWP") -> BWP
A17: 日本／開国以前 | B17: 9781009602174 | C17: Pacific Overtures : Tokugawa Outreach to Habsburg Spain, 1600-1625 | D17: 徳川政権の太平洋への進出：1600-1625年におけるハプスブルク・スペインへの働きかけ | E17: Batts, Joshua | F17: 202610 | H17: ペーパーバック | I17: Cambridge University Press | J17: 12936 | K17: 10384 | L17: 11760 | M17: 9440 | N17: GBP | O17: 40 | Q17: 350 p.; Worked examples or Exercises | R17: A611 | S17: https://pro.kinokuniya.co.jp/search_detail/product?search_detail_called=1&table_kbn=E&exp_id=9781009602174 | T17: =HYPERLINK(S17,"BWP") -> BWP
A18: 日本／開国以前 | B18: 9781009624848 | C18: Japan After Dark : The Tokugawa Transformation of the Night | D18: 夜の日本：徳川期日本の夜の変容 | E18: Nenzi, Laura | F18: 202610 | H18: ハードカバー | I18: Cambridge University Press | J18: 11319 | K18: 9086 | L18: 10290 | M18: 8260 | N18: GBP | O18: 35 | Q18: 300 p.; Worked examples or Exercises | R18: A611 | S18: https://pro.kinokuniya.co.jp/search_detail/product?search_detail_called=1&table_kbn=E&exp_id=9781009624848 | T18: =HYPERLINK(S18,"BWP") -> BWP
A19: 日本／開国以前 | B19: 9781041060482 | C19: Cross-Cultural Encounters in Early Modern Japan: Foreigners Within the Samurai Class, C. 1550-1900 (New Interdisciplinary Approaches to Early Modern Culture)" | D19: 近世日本における異文化間遭遇：武士階級と交わった外国人1550-1900年 | E19: Perez, Samantha(EDT)/ Paul Smith, Matthew(EDT) | F19: 202608 | H19: ペーパーバック | I19: Routledge | J19: 14226 | K19: 10848 | L19: 12933 | M19: 9862 | N19: GBP | O19: 43.99 | Q19: 234 p. | R19: A611 | S19: https://pro.kinokuniya.co.jp/search_detail/product?search_detail_called=1&table_kbn=E&exp_id=9781041060482 | T19: =HYPERLINK(S19,"BWP") -> BWP
... A120: 経営史・各国経営事情 | B120: 9789819224470 | C120: The Dynamism of Business Transformation : Digitization of Photography and Photo Printing Business | D120: 兒玉公一郎『業界革新のダイナミズム：デジタル化と写真ビジネスの変革』（英訳） | E120: Kodama, Koichiro | F120: 202608 | H120: ハードカバー | I120: Springer | J120: 38496 | K120: 35724 | L120: 34997 | M120: 32477 | N120: EUR | O120: 139.99 | Q120: 359 p.; XII, 359 p. 78 illus., 71 illus. in color. | R120: E233 | S120: https://pro.kinokuniya.co.jp/search_detail/product?search_detail_called=1&table_kbn=E&exp_id=9789819238019 | T120: =HYPERLINK(S120,"BWP") -> BWP

Sheet アナメン詳細
A1: ISBN | B1: 入手情報 | C1: 著者名 | D1: 書名 | E1: 巻号 | F1: 版次 | G1: 装丁 | H1: 商品記述語 | I1: 出版社名 | J1: 出版国 | K1: 出版年月 | L1: 巻数 | M1: ページ数 | N1: サイズ | O1: 通貨コード(1) | P1: 価格(1) | Q1: 標準価格(1) | R1: Web販売価格(1) | S1: 特価の種別(1) | T1: 適用期限(1) | U1: 価格注記(1) | V1: 販売邦価(1) | W1: 価格識別語(1) | X1: 通貨コード(2) | Y1: 価格(2) | Z1: 標準価格(2) | AA1: Web販売価格(2) | AB1: 特価の種別(2) | AC1: 適用期限(2) | AD1: 価格注記(2) | AE1: 販売邦価(2) | AF1: 価格識別語(2) | AG1: KDC (1) | AH1: KDC (2) | AI1: KDC (3) | AJ1: KDC (4) | AK1: KDC (5) | AL1: NDC (1) | AM1: NDC (2) | AN1: NDC (3) | AO1: NDC (4) | AP1: NDC (5) | AQ1: BBC (1) | AR1: BBC (2) | AS1: BBC (3) | AT1: BBC (4) | AU1: BBC (5) | AV1: BBC (6) | AW1: BBC (7) | AX1: BBC(8) | AY1: BBC (9) | AZ1: BBC (10) | BA1: BBC (11) | BB1: BBC (12) | BC1: BBC(13) | BD1: BBC (14) | BE1: BBC (15) | BF1: SBコード(1) | BG1: SBコード(2) | BH1: SBコード(3) | BI1: SBコード(4) | BJ1: SBコード(5) | BK1: SBコード(6) | BL1: SBコード(7) | BM1: SBコード(8) | BN1: SBコード(9) | BO1: SBコード(10) | BP1: ブックニュースNO (1) | BQ1: ブックニュースNO (2) | BR1: ブックニュースNO (3) | BS1: 親シリーズKBN | BT1: タイトル和訳 | BU1: 注記 | BV1: 団体名 | BW1: 会議名 | BX1: 仕入先固有NO(EAN) | BY1: 社内在庫フラグ | BZ1: 社内在庫価格 | CA1: SDC | CB1: DDC | CC1: Academic Descriptors (1) | CD1: Academic Descriptors (2) | CE1: Subject (1) | CF1: Subject (2) | CG1: Subject (3) | CH1: Subject (4) | CI1: Subject (5) | CJ1: Academic Level
A2: 9780241839270 | C2: Toyama, Shigehiko/ Morris, Arthur Reiji (TRN) | D2: The Art of Organizing Thoughts | G2: HRD | I2: Penguin Life | J2: GB | K2: 202610 | M2: 272 p. | N2: 206mmx136mmx25mm | O2: GBP | P2: 14.99 | Q2: 4407 | R2: 4092 | AG2: A00 | AH2: C00 | AQ2: J | BF2: J202609 | BT2: 外山滋比古『思考の整理学』（英訳） | BU2: 原書（新版）： 2024年・筑摩書房 First published in 1983 and newly resonant in the age of artificial intelligence, renowned scholar and teacher Shigehiko Toyama offers a humane and timeless reminder: thinking well is a distinctly human art, and one that must be cultivated, protected, and practiced. | CA2: 102 | CB2: 158.1 | CE2: Self-actualization Psychology
A3: 9789004769724 | C3: Sampson, Esther | D3: Japanese Self-Help Book Covers: Multimodal Cross-Cultural Translations | G3: PAP | H3: pap. | I3: Brill | J3: US | K3: 202608 | M3: 142 p. | N3: 235mmx155mmx9mm | O3: USD | P3: 71 | Q3: 15265 | R3: 12283 | AG3: A01 | AH3: B114 | AI3: C210 | AQ3: J | BF3: J202609 | BT3: 日本発の世界的ベストセラー自己啓発書『嫌われる勇気』の各国版表紙：マルチモーダル異文化間翻訳研究 | BU3: Why does the same book look so different around the world? This study examines the global covers of the Japanese bestseller The Courage to Be Disliked. Using a new approach to Multimodal Discourse Analysis, it compares editions from Japan, Australia, the United Kingdom, the United States, and Canada, to ask how design shapes meaning. You will see how small visual choices-colour, layout, images, and typography-shape ideas about the “East” and the “West,” construct identities, and circulate ideology. By examining book covers as powerful paratexts, this study reveals how translation and design reshape cultural meaning across borders. | CE3: Book cover art - Cross-cultura | CF3: Book cover art | CG3: Design - Cross-cultural studie | CH3: Design | CI3: Self-help techniques - Japan
A4: 9781041278696 | C4: Landeck, Melinda (EDT) | D4: Handbook of Japanese Aesthetics(Handbooks on Japanese Studies) | G4: HRD | I4: Routledge | J4: GB | K4: 202610 | M4: 364 p.; 21 Illustrations, black and white 21 Halftones, bl | N4: 246mmx174mmx- | O4: GBP | P4: 260 | Q4: 76440 | R4: 58292 | AG4: A16 | AH4: A112 | AI4: B300 | AQ4: G | AR4: Q | AS4: J | BF4: HBJS | BG4: J202609 | BT4: 日本美学ハンドブック | BU4: This volume functions as an applied reader for core concepts in Japanese aesthetics, each situated in relationship to specific cultural products or aesthetic approaches to the creation of art ranging from Japan’s classical age to the present day. Opening with seven chapters dedicated to foundational values associated with the traditional literary and performing arts (among them, mono no aware, miyabi, ma, wabi-sabi, hie, yugen, basara, hana, and the crucial theme of seasonality), the handbook proceeds to frame aesthetic discourse through ongoing debates concerning Japan’s antiquity as well as what factors constitute modernity as interpreted through cultural practices (senshafuda), architecture (Ise Jingu), urban landscapes (neon signage and lettering), and major literary or visual a | CB4: 111.85095
A5: 9783032307163 | C5: Tetsuya, Furuta (EDT) | D5: Tetsugaku Companion to Happiness(Tetsugaku Companions to Japanese Philosophy 9) | E5: Vol. 9 | G5: HRD | I5: Springer | J5: DE | K5: 202607 | M5: 182 p. | O5: EUR | P5: 139.99 | Q5: 34997 | R5: 25886 | AG5: A16 | AQ5: G | AR5: Q | AS5: J | BF5: NA6377 | BG5: KINOPPY | BH5: J202609 | BP5: NA6377 | BS5: 109813 | BT5: 古田徹也（編）／日本の幸福の哲学必携 | BU5: This contributed volume investigates the non-Western understanding of happiness under the influence of various religions such as Buddhism, Confucianism, Shinto, and Christianity against Western thought on happiness. The chapters help clarify the particular characteristics of the concept of happiness that are unique to modern Japan. This book also reveals the regional deviations and historical determinants of the concept of happiness. The chapter authors represent an international collaboration, and thus open up new horizons for the study of the concept of happiness. This volume appeals to researchers and students working in these fields. | CC5: KNO5280
A6: 9781350557512 | C6: Chuang, Chienhui (EDT)/ Han, Sangyun (EDT)/ Strube, Julian (EDT) | D6: Esotericism in East Asia : Cultural Interpretation and Politics | G6: HRD | I6: Bloomsbury Academic | J6: GB | K6: 202608 | M6: 320 p.; 4 b&w illus | N6: 236mmx164mmx24mm | O6: GBP | P6: 85 | Q6: 24990 | R6: 20060 | AG6: A22 | AH6: A610 | AI6: A620 | AQ6: J | BF6: J202609 | BT6: 東アジアにおけるエソテリシズム：文化的解釈と政治 | BU6: This open access book critically examines how and why the language of ‘esotericism’ has become so ubiquitous in scholarship on Asian religious ideas and practices. It highlights the role of interactions between European and Asian scholars since the 16th century to show that Asian thinkers and their local contexts have crucially shaped our understanding of esotericism. With contributions focusing on a range of contexts in Japan and China, from Buddhism and Shinto to the Theosophical movement and occultism, this volume provides rich insights into how Asians have engaged with and influenced the study of esotericism across the globe. | CB6: 229.5
A7: 9781032588759 | C7: Gould, Hannah/ Miyazawa, Aki/ Yamada, Shinya | D7: Death and Funeral Practices in Japan(Routledge International Focus on Death and Funeral Practices) | G7: PAP | H7: pap. | I7: Routledge | J7: GB | K7: 202605 | M7: 142 p.; 10 Illustrations, black and white 10 Illustrations | N7: 216mmx138mmx- | O7: GBP | P7: 24.99 | Q7: 7347 | R7: 5602 | AG7: A26 | AH7: C40 | AQ7: J | BF7: J202409 | BG7: SB3226A | BH7: ANN202607 | BI7: J202609 | BT7: 日本における死と葬儀 | BU7: New in paperback. Hardcover was published in 2024. This book provides a clear and comprehensive introduction to the past, present, and future direction of death rituals and deathcare systems within Japan. The work is informed by the authors’ extensive research within Japan’s funeral, cemetery, and memorialisation sectors and the latest Japanese data sources and academic publications, not currently available in English. | CB7: 393.0952 | CE7: Death - Social aspects - Japan | CF7: Death - Social aspects | CG7: Death care industry - Japan | CH7: Death care industry | CI7: Funeral rites and ceremonies -
A8: 9781350640979 | C8: Rambelli, Fabio | D8: Before Shinto : Buddhism and the Japanese Gods(Bloomsbury Shinto Studies) | G8: HRD | I8: Bloomsbury Academic | J8: GB | K8: 202611 | M8: 280 p.; 8 bw illus | N8: 234mmx156mmx- | O8: GBP | P8: 85 | Q8: 24990 | R8: 20060 | AG8: A26 | AQ8: J | BF8: J202609 | BT8: 神道以前：仏教と日本の神々 | BU8: Focusing on the fundamental role played by Buddhism in shaping general ideas about and attitudes toward the Japanese gods (kami), this book presents a new revisionist history of Shinto.
A9: 9781041279037 | C9: Schrimpf, Monika (EDT)/ Simpson, Emily B. (EDT) | D9: Handbook of Women in Japanese Buddhism(Handbooks on Japanese Studies) | G9: HRD | I9: Routledge | J9: GB | K9: 202608 | M9: 318 p.; 13 Illustrations, black and white 13 Halftones, bl | N9: 246mmx174mmx- | O9: GBP | P9: 260 | Q9: 76440 | R9: 58292 | AG9: A26 | AH9: C144 | AQ9: Q | AR9: G | AS9: J | BF9: J202609 | BG9: HBJS | BT9: 日本仏教における女性ハンドブック | BU9: This handbook explores Buddhist women's lives and agency from ancient times to the present in Japan. The book examines lives and representations of Buddhist women by utilizing a thematic approach, with each theme representing a network of interrelated gender roles, norms and hierarchies that determine the conditions under which women lived" and "live" Buddhism." | CB9: 294.30821 | CE9: Women - Religious aspects - Bu | CF9: Women in Buddhism - Japan | CG9: Women in Buddhism | CH9: Japan
A10: 9781803514260 | C10: Suzuki, Toshio/ Cary, Beth (TRN) | D10: Zen and Ghibli : Life Lessons for Lasting Happiness from the Legendary Studio | G10: HRD | I10: Granta Books | J10: US | K10: 202610 | M10: 256 p. | N10: 198mmx129mmx- | O10: GBP | P10: 14.99 | Q10: 4407 | R10: 4092 | AG10: A26 | AH10: B34 | AQ10: J | BF10: J202609 | BT10: 鈴木敏夫『禅とジブリ』（英訳） | BU10: 原書：2018年・淡交社。スタジオジブリの映画プロデューサー鈴木敏夫と３人の禅僧（横田南嶺、細川晋輔、玄侑宗久）の対談集。 In Zen and Ghibli, legendary producer Toshio Suzuki talks about Zen Buddhism in Studio Ghibli films with three leading Buddhist monks: Shinsuke Hosokawa, Nanrei Yokota and Sokyu Gen'yu. Their playful and enlivening conversations delve into central Buddhist ideas, such as the power of not knowing, how important it is to live in the present, and whether we can ever be original in our thoughts or actions, through reference to many Ghibli masterpieces such as Princess Mononoke and Howl's Moving Castle. | CA10: 102 | CB10: 791.43683 | CE10: Animated films - Japan | CF10: Animated films | CG10: Animation Cinematography - Jap | CH10: Animation Cinematography | CI10: Zen Buddhism in motion picture
A11: 9783032253750 | C11: Windberger, Eva-Maria (EDT)/ Neder, Judith (EDT) | D11: Anglo-East Asian Exchanges in Literature, Culture, and Media(Asia-Pacific and Literature in English) | G11: HRD | I11: Palgrave Macmillan | J11: DE | K11: 202607 | M11: 336 p.; X, 336 p. 30 illus., 19 illus. in color. | O11: EUR | P11: 169.99 | Q11: 42497 | R11: 31434 | AG11: A40 | AH11: A60 | AQ11: J | BF11: J202609 | BT11: 英国と東アジアの文学・文化・メディア交流史 | BU11: This volume centres exchange as an analytical tool to conceive of Anglo-East Asian entanglements in literature, culture, and media from the eighteenth century until today. At its heart, this volume explores how transcultural exchanges have shaped the formation and self-perception of ‘eastern’ and ‘western’ identities and how these processes have been constructed, complicated, and negotiated in fiction, travel writing, philosophical and economic texts, theatre, film, music, manga, multi-media installations, and exhibitions. From the Contents: 2. The Idea of Japan in Victorian Charity Bazaars: Fundraising, Orientalism, and Transculturality in the North East of England, 1867-1912; 3.-Reclaiming the Gaze: The Feline Return Gaze in Natsume Soseki's I Am a Cat. | CC11: KNO7490
A12: 9798880702732 | C12: Adolphson, Mikael S. | D12: The Disease of Money : Japan's Monetization in the Early Middle Ages(Japan and the World) | G12: HRD | I12: University of Hawai'i Press | J12: US | K12: 202609 | M12: 220 p.; 20 b&w illustrations, 7 maps | N12: 229mmx152mmx- | O12: USD | P12: 75 | Q12: 16125 | R12: 14925 | AG12: A41 | AQ12: J | BF12: J202609 | BT12: 中世日本の貿易と外貨獲得 | CB12: 952.02
A13: 9781041184171 | C13: Bentley, Tamara H. (EDT) | D13: Picturing Commerce in and from the East Asian Maritime Circuits, 1550-1800(Visual and Material Culture, 1300-1700) | G13: PAP | H13: pap. | I13: Routledge | J13: GB | K13: 202512 | M13: 320 p. | N13: 240mmx170mmx- | O13: GBP | P13: 47.99 | Q13: 14109 | R13: 10759 | AG13: A60 | AH13: E192 | AQ13: J | BF13: J202609 | BT13: 図版で読む東アジア海洋貿易1550-1800年 | BU13: New in paperback. Hardcover was published in 2019. Combining strikingly new scholarship by art historians, historians, and ethnomusicologists, this richly-illustrated interdisciplinary volume illuminates trade ties within East Asia, and from East Asia outwards, in the years 1550 to 1800. While not encyclopedic, the selected topics greatly advance our sense of this trade picture. Visual goods are highlighted, including lacquerwares, paintings, prints, musical instruments, textiles, ivory sculptures, unfired ceramic portrait figurines, and Chinese, Japanese, Korean, and Southeast Asian ceramic vessels. | CB13: 382.095 | CE13: Commercial products - History | CF13: Commercial products - History | CG13: Material culture - History - E | CH13: Material culture - History | CI13: East Asia - Commerce - History
A14: 9781009602211 | C14: Batts, Joshua | D14: Pacific Overtures : Tokugawa Outreach to Habsburg Spain, 1600-1625 | G14: HRD | I14: Cambridge University Press | J14: GB | K14: 202610 | M14: 350 p.; Worked examples or Exercises | O14: GBP | P14: 110 | Q14: 32340 | R14: 25960 | AG14: A611 | AQ14: J | BF14: J202609 | BT14: 徳川政権の太平洋への進出：1600-1625年におけるハプスブルク・スペインへの働きかけ | BU14: Challenging accepted narratives of isolation and insularity, Joshua Batts reveals the surprising story of Tokugawa Japan's repeated attempts to establish direct trade with Spanish America. In this unique history of adventure and encounter, Batts redefines our understanding of the opportunities and obstacles of early modern globalization. | CB14: 337.5208 | CE14: Japan - History - Tokugawa per | CF14: Japan - Foreign economic relat | CG14: Japan - Foreign economic relat | CH14: Japan | CI14: Latin America - History - To 1
A15: 9781009602174 | C15: Batts, Joshua | D15: Pacific Overtures : Tokugawa Outreach to Habsburg Spain, 1600-1625 | G15: PAP | H15: pap. | I15: Cambridge University Press | J15: GB | K15: 202610 | M15: 350 p.; Worked examples or Exercises | O15: GBP | P15: 40 | Q15: 11760 | R15: 9440 | AG15: A611 | AQ15: J | BF15: J202609 | BG15: ANN202606 | BT15: 徳川政権の太平洋への進出：1600-1625年におけるハプスブルク・スペインへの働きかけ | BU15: Challenging accepted narratives of isolation and insularity, Joshua Batts reveals the surprising story of Tokugawa Japan's repeated attempts to establish direct trade with Spanish America. In this unique history of adventure and encounter, Batts redefines our understanding of the opportunities and obstacles of early modern globalization. | CB15: 337.5208 | CE15: Japan - History - Tokugawa per | CF15: Japan - Foreign economic relat | CG15: Japan - Foreign economic relat | CH15: Japan | CI15: Latin America - History - To 1
A16: 9781009624848 | C16: Nenzi, Laura | D16: Japan After Dark : The Tokugawa Transformation of the Night | G16: HRD | I16: Cambridge University Press | J16: GB | K16: 202610 | M16: 300 p.; Worked examples or Exercises | O16: GBP | P16: 35 | Q16: 10290 | R16: 8260 | AG16: A611 | AQ16: J | BF16: J202609 | BG16: ANN202606 | BT16: 夜の日本：徳川期日本の夜の変容 | BU16: Laura Nenzi draws readers into a fascinating world of samurai, shipwrecks, nocturnal monsters and partying crowds to show how the night transformed in early modern Japan. This detailed and evocative history creates a vivid picture of everyday life in the Tokugawa period, challenging readers to rethink accepted definitions of modernity. | CB16: 952.025 | CE16: Japan - Social life and custom | CF16: Japan - History - Tokugawa per | CG16: Japan
A17: 9781041060482 | C17: Perez, Samantha(EDT)/ Paul Smith, Matthew(EDT) | D17: Cross-Cultural Encounters in Early Modern Japan: Foreigners Within the Samurai Class, C. 1550-1900 (New Interdisciplinary Approaches to Early Modern Culture)" | G17: PAP | H17: pap. | I17: Routledge | J17: GB | K17: 202608 | M17: 234 p. | N17: 234mmx156mmx- | O17: GBP | P17: 43.99 | Q17: 12933 | R17: 9862 | AG17: A611 | AQ17: J | BF17: ANN202608 | BG17: J202609 | BT17: 近世日本における異文化間遭遇：武士階級と交わった外国人1550-1900年 | BU17: Recognizing the significance of cross-cultural exchange across newly established frontiers, this edited volume explores the purpose and relevance of non-Japanese individuals who operated with or within the samurai class and their role in constructing and communicating identity in early modern Japan. Topics explored include samurai and the Japanese military class; Portuguese, Dutch, and English merchants in eastern Asia; Jesuit activity in Japan; Japan’s invasions of Korea; the reopening of Japan to western contact; European travel accounts; artistic and textual representation of Japan; and the Boshin War. | CE17: Intercultural communication - | CF17: Intercultural communication - | CG17: Samurai | CH17: Visitors, Foreign - History - | CI17: Visitors, Foreign - History
A18: 9781041060499 | C18: Perez, Samantha(EDT)/ Paul Smith, Matthew(EDT) | D18: Cross-Cultural Encounters in Early Modern Japan: Foreigners within the Samurai Class, c. 1550-1900 (New Interdisciplinary Approaches to Early Modern Culture)" | G18: HRD | I18: Routledge | J18: GB | K18: 202608 | M18: 234 p. | N18: 234mmx156mmx- | O18: GBP | P18: 171.99 | Q18: 50565 | R18: 38560 | AG18: A611 | AQ18: J | BF18: J202609 | BT18: 近世日本における異文化間遭遇：武士階級と交わった外国人1550-1900年 | BU18: Recognizing the significance of cross-cultural exchange across newly established frontiers, this edited volume explores the purpose and relevance of non-Japanese individuals who operated with or within the samurai class and their role in constructing and communicating identity in early modern Japan. Topics explored include samurai and the Japanese military class; Portuguese, Dutch, and English merchants in eastern Asia; Jesuit activity in Japan; Japan’s invasions of Korea; the reopening of Japan to western contact; European travel accounts; artistic and textual representation of Japan; and the Boshin War. | CE18: Intercultural communication - | CF18: Intercultural communication - | CG18: Samurai | CH18: Visitors, Foreign - History - | CI18: Visitors, Foreign - History
A19: 9798880702244 | C19: Screech, Timon | D19: Shogun Avatar : The Worship of Tokugawa Ieyasu in Early Modern Japan | G19: HRD | I19: University of Hawai'i Press | J19: US | K19: 202611 | M19: 440 p.; 130 color & b&w illustrations | N19: 254mmx178mmx- | O19: USD | P19: 85 | Q19: 18275 | R19: 16915 | AG19: A611 | AQ19: J | BF19: J202609 | BT19: タイモン・スクリーチ著／神になった徳川家康：近世日本における将軍崇拝の形成 | BU19: Timon Screech explores the transformation of Japan’s first shogun, Tokugawa Ieyasu (1543-1616), from warlord to deity. Screech examines the theological foundations, architectural innovations, and artistic achievements of both Ieyasu’s original and final burial sites, together with their ritual and ongoing meanings. He follows Nikko’s evolution over 250 years as it became central to shogunal authority and samurai identity.
A20: 9780197781401 | C20: Azuma, Eiichiro | D20: Brokering a Race War : Japanese Americans in the Pacific War and the Occupation of Japan | G20: PAP | H20: pap. | I20: Oxford University Press | J20: GB | K20: 202606 | M20: 344 p.; 28 b&w photos | N20: 234mmx156mmx24mm | O20: GBP | P20: 18.99 | Q20: 5583 | R20: 4481 | AG20: A612 | AQ20: J | BF20: J202609 | BG20: KINOPPY | BT20: 東栄一郎（著）／日米人種戦争の仲介者：太平洋戦争と日本占領に従事した日系二世たち | BU20: This book traces the complex experiences of Nisei soldiers and civilian linguists framed in a trans-imperial context. It examines the interactions between the United States and Japan as well as Japanese Americans' complicated relationships to white Americans and Japanese nationals. Based on new bilingual archival sources, this book offers a nuanced perspective on the oft-celebratory representations of minority US servicemen as an embodiment of America's disavowal of racism and a paragon of its multicultural democracy. | CB20: 940.5373 | CE20: Japanese American soldiers - H | CF20: Japanese American soldiers | CG20: Japanese Americans - Social co | CH20: World War, 1939-1945 - Partici | CI20: Japan - History - Allied occup
A21: 9781920850579 | C21: Furukawa, Yasu | D21: Tsuda Umeko : A Gender History of Science and University in Japan(Japanese Society) | G21: PAP | H21: pap. | I21: Trans Pacific Press | J21: US | K21: 202606 | M21: 220 p. | N21: 226mmx150mmx15mm | O21: USD | P21: 39.99 | Q21: 8597 | R21: 7958 | AG21: A612 | AH21: C32 | AI21: G05 | AQ21: J | BF21: J202609 | BT21: 古川安『津田梅子：科学への道、大学の夢』（英訳） | BU21: Drawing on letters and archival materials, this book reveals how Umeko immersed herself in the emerging world of biological research, why she ultimately stepped away from research, and what her choices suggest about gender, opportunity, and ambition in her time. By reframing Umeko not only as an educator but also as a woman shaped by scientific curiosity, this work offers a fresh and compelling perspective for readers interested in women’ s history and intertwined development of science and education.
A22: 9781350344280 | C22: Nakamura, Ellen Gardner | D22: Japanese Medical Lives in Transformation : Contesting Modernity in the Late Nineteenth Century(SOAS Studies in Modern and Contemporary Japan) | G22: PAP | H22: pap. | I22: Bloomsbury Academic | J22: GB | K22: 202608 | M22: 200 p.; 10 bw illus | N22: 232mmx152mmx14mm | O22: GBP | P22: 28.99 | Q22: 8523 | R22: 6841 | AG22: A612 | AH22: G403 | AQ22: J | BF22: J202412 | BG22: SB3241H | BH22: ANN202606 | BI22: J202609 | BT22: 日本近代医学者列伝 | BU22: New in paperback. Hardcover was published in 2025. At the end of the 19th century, Japanese modernizers abandoned the traditional Chinese-style medicine that had dominated for centuries, and turned instead to Western medical theory and practice. In this book, Ellen Gardner Nakamura reconsiders the story of the adoption of Western medicine through the eyes of six medical practitioners. From the Contents: 1. Kusumoto Ine (1827-1903): From Obstetrician to Midwife; 2. Mise Shuzo (1839-1877): The Translator who knew too much; 3. Ishii Nobuyoshi (1840-1882): Civilized Gentleman; 4. Sagara Chian (1836-1906): From Bureaucrat to Fortune-Teller; 5. Asai Kokkan (1848-1903): In Defence of Chinese-style Medicine; 6. Seki Kansai (1830-1912): The Last Dutch-style Doctor. | CA22: 102 | CB22: 610.952 | CE22: Medical policy - History - 19t | CF22: Medical policy - History | CG22: Medicine - History - 19th cent | CH22: Medicine - History | CI22: Physicians - History - 19th ce
A23: 9781805266792 | C23: Orbach, Danny | D23: Punishment : Behind Japanese Military Brutality | G23: HRD | I23: C Hurst & Co Publishers Ltd | J23: US | K23: 202609 | M23: 456 p. | N23: 216mmx138mmx- | O23: GBP | P23: 30 | Q23: 8820 | R23: 8190 | AG23: A612 | AH23: D233 | AQ23: J | BF23: J202609 | BU23: A chilling exploration of how Imperial Japan framed war as justice - and how that moral logic helped unleash extraordinary brutality across Asia and the Pacific. Drawing on archival material in six languages and fieldwork conducted across Asia - from Taiwan’s indigenous highlands to Manchuria’s sorghum fields and the streets of Nanjing - Danny Orbach reveals how ambiguity, obedience, fear and ideology converged on the battlefield. | CB23: 355.00952
A24: 9780472058242 | C24: Reitan, Richard M | D24: Inner Worlds : Interiority and Capitalist Modernity in Japan(Michigan Monograph Series in Japanese Studies) | G24: PAP | H24: pap. | I24: The University of Michigan Press | J24: US | K24: 202609 | M24: 312 p.; 2 illustrations | N24: 229mmx152mmx- | O24: USD | P24: 39.95 | Q24: 8589 | R24: 7950 | AG24: A612 | AQ24: J | BF24: J202609 | BT24: 日本の近代資本主義と内面性のイデオロギー | BU24: This book examines the emergence and operation of representations of interiority-consciousness, “folk mind,” “spirit”-in Japan from its industrial revolution to the rise of fascism during the interwar period. By locating the roots of capitalism’s excesses not within the socioeconomic order itself but within a defective interiority, ideologies of interiority operated to contain disruptions to Japan’s socioeconomic order, conceal its defects, and sustain the capitalist system.
A25: 9780472078240 | C25: Reitan, Richard M | D25: Inner Worlds : Interiority and Capitalist Modernity in Japan(Michigan Monograph Series in Japanese Studies) | G25: HRD | I25: The University of Michigan Press | J25: US | K25: 202609 | M25: 312 p.; 2 illustrations | N25: 229mmx152mmx- | O25: USD | P25: 115 | Q25: 24725 | R25: 22885 | AG25: A612 | AQ25: J | BF25: J202609 | BT25: 日本の近代資本主義と内面性のイデオロギー | BU25: This book examines the emergence and operation of representations of interiority-consciousness, “folk mind,” “spirit”-in Japan from its industrial revolution to the rise of fascism during the interwar period. By locating the roots of capitalism’s excesses not within the socioeconomic order itself but within a defective interiority, ideologies of interiority operated to contain disruptions to Japan’s socioeconomic order, conceal its defects, and sustain the capitalist system.
A26: 9781324065487 | C26: Scott, James M. | D26: Empire of Ashes : Truman, Hirohito, and the Descent into Total War | G26: HRD | I26: WW Norton & Co | J26: US | K26: 202608 | M26: 528 p.; 48 illustrations | N26: 244mmx165mmx36mm | O26: USD | P26: 41.99 | Q26: 9027 | R26: 7264 | AG26: A612 | AH26: D233 | AQ26: J | BF26: J202609 | BU26: From the acclaimed Pacific War historian and Pulitzer Prize finalist, the harrowing story of America's bombings of Hiroshima and Nagasaki in the dramatic struggle to end World War II. | CA26: 102 | CB26: 940.5425 | CE26: Total war | CF26: Hiroshima-shi Japan - History | CG26: Japan - Hiroshima-shi | CH26: Japan - Nagasaki-shi | CI26: Nagasaki-shi Japan - History -
A27: 9780691271804 | C27: Tonooka, Chika | D27: Rival Civilisations : The Rise of Japan and Visions of World Order in Britain | G27: HRD | I27: Princeton University Press | J27: US | K27: 202610 | M27: 392 p.; 1 b/w illus. | N27: 235mmx156mmx- | O27: USD | P27: 42 | Q27: 9030 | R27: 7266 | AG27: A612 | AH27: D251 | AQ27: J | BF27: ANN202607 | BG27: J202609 | BT27: 近代日本の台頭と英国の世界秩序観 | BU27: Most historians of nineteenth and twentieth century Europe point to the persistence of racialised and hierarchical views of non-Europeans as “uncivilised.” Yet these accounts overlook the profound intellectual impact of what contemporaries called the “awakening of Asia.” In Rival Civilisations, Chika Tonooka shows how the rise of Japan after 1905 compelled British intellectuals to rethink fundamental questions about world order and human difference. Juxtaposing Japanese and British sources, Tonooka offers an innovative history of British Eurocentrism - its ebbs and flows and emergent pluralist alternatives - through the lens of British debates on Japan. | CB27: 303.48241
A28: 9780824898045 | C28: Blair, Heather | D28: The Gods Make You Giggle : Finding Religion in Japanese Picturebooks from the Postwar to the Postmillennial | G28: HRD | I28: University of Hawai'i Press | J28: US | K28: 202610 | M28: 328 p.; 49 color, 15 b&w illustrations | N28: 229mmx152mmx- | O28: USD | P28: 75 | Q28: 16125 | R28: 14925 | AG28: A613 | AH28: A23 | AI28: B250 | AQ28: J | BF28: ANN202609 | BG28: J202609 | BT28: 日本の絵本に宗教を見出す：戦後から２１世紀初頭まで | BU28: Incisive and fun, this book draws readers into the world of Japanese picturebooks, where the sublime can erupt from the everyday and hell may just turn out to be hilarious. Juxtaposing analyses of folksy retellings, midcentury classics, and avant-garde provocations, this study crafts dynamic new perspectives on religion and history while also showcasing the richness and sophistication of one of the world’s most vibrant children’s literatures.
A29: 9781350378476 | C29: Nakao, Maika (EDT)/ Nemoto, Masaya (EDT)/ Zwigenberg, Ran (EDT) | D29: The Inheritance" of Hiroshima and Nagasaki : Rethinking the Bombings towards a Post-Survivor World(SOAS Studies in Modern and Contemporary Japan)" | G29: PAP | H29: pap. | I29: Bloomsbury Academic | J29: GB | K29: 202610 | M29: 288 p.; 20 bw illus; 10 Maps | N29: 232mmx156mmx24mm | O29: GBP | P29: 24.99 | Q29: 7347 | R29: 5897 | AG29: A613 | AQ29: J | BF29: ANN202609 | BG29: J202609 | BT29: 中尾麻伊香・根本雅也ほか（共）編／広島・長崎の「継承」：被爆者なき時代に向けて原爆投下を再考する | BU29: An innovative exploration of the legacies of the Hiroshima and Nagasaki bombings and the contestation of memories in the two cities and beyond.
A30: 9781350378445 | C30: Nakao, Maika (EDT)/ Nemoto, Masaya (EDT)/ Zwigenberg, Ran (EDT) | D30: The Inheritance" of Hiroshima and Nagasaki : Rethinking the Bombings towards a Post-Survivor World(SOAS Studies in Modern and Contemporary Japan)" | G30: HRD | I30: Bloomsbury Academic | J30: GB | K30: 202610 | M30: 288 p.; 20 bw illus; 10 Maps | N30: 234mmx156mmx- | O30: GBP | P30: 75 | Q30: 22050 | R30: 17700 | AG30: A613 | AQ30: J | BF30: J202609 | BT30: 中尾麻伊香・根本雅也ほか（共）編／広島・長崎の「継承」：被爆者なき時代に向けて原爆投下を再考する | BU30: An innovative exploration of the legacies of the Hiroshima and Nagasaki bombings and the contestation of memories in the two cities and beyond.
A31: 9781541607675 | C31: Rankin, Andrew | D31: Yakuza : A 400-Year History of the Japanese Underworld | G31: HRD | I31: Basic Books | J31: US | K31: 202609 | M31: 400 p. | N31: 244mmx148mmx38mm | O31: USD | P31: 32 | Q31: 6880 | R31: 6368 | AG31: A613 | AH31: C160 | AQ31: J | BF31: J202609 | BT31: ヤクザ：日本の裏社会の400年史 | BU31: The definitive history of Japanese organized crime, from its origins in samurai-era black markets and gambling rings to the shadowy syndicates of the present. | CA31: 102
A32: 9798880702039 | C32: Schrade, Anna | D32: Give Us Our Blue Skies Back : Housewives, Science, and the Struggle for Environmental Justice in Postwar Japan, 1950-1969 | G32: HRD | I32: University of Hawai'i Press | J32: US | K32: 202609 | M32: 276 p.; 10 b&w illustrations | N32: 229mmx152mmx- | O32: USD | P32: 75 | Q32: 16125 | R32: 14925 | AG32: A613 | AH32: C144 | AI32: C60 | AQ32: J | BF32: J202609 | BT32: 青い空を私たちに返して：戸畑婦人会の環境正義運動1950-1969年 | BU32: This book traces one of Japan’s earliest and most enduring environmental movements, led by the Tobata Ward Collaborative Women’s Association in Kitakyushu from 1950 to 1969. Through an oral history approach rooted in Alltagsgeschichte (the history of everyday life), it reveals how Tobata’s women forged a path of nonconfrontational yet transformative activism, combining domestic life with civic engagement, science with social justice.
A33: 9781041321187 | C33: Jin, Zhixia | D33: Dual-track Diplomacy : China's Strategic Balance between Japan and the Soviet Union, 1931-1937 | G33: HRD | I33: Routledge | J33: GB | K33: 202609 | M33: 196 p. | O33: GBP | P33: 171.99 | Q33: 50565 | R33: 38560 | AG33: A622 | AH33: D252 | AQ33: J | BF33: J202609 | BT33: 二軌外交：日中戦争前の中国の対日ソ関係にみる戦略的バランス1931-1937年 | BU33: Between 1931 and 1937, Nationalist China was caught between Japanese imperial expansion and the unpredictable intentions of the Soviet Union, facing an increasingly hostile external environment. This book reconstructs how China navigated this precarious situation through a sophisticated strategy known as 'dual-track diplomacy'. | CB33: 327.51009 | CE33: China - History - 1928-1937 | CF33: China - Foreign relations - Ja | CG33: China - Foreign relations - So | CH33: China | CI33: Japan - Foreign relations - Ch
A34: 9780300284324 | C34: Stephens, Holly | D34: Empire by Association : Agriculture and the Reorganization of the Rural Economy in Colonial Korea(Yale Agrarian Studies Series) | G34: HRD | I34: Yale University Press | J34: US | K34: 202611 | M34: 320 p.; 18 b-w illus. | N34: 235mmx156mmx- | O34: USD | P34: 85 | Q34: 18275 | R34: 14705 | AG34: A622 | AH34: E192 | AQ34: J | BF34: J202609 | BT34: 日本植民地支配下の朝鮮における農業と経済の近代化 | BU34: Drawing on the diaries of everyday farmers, Holly Stephens examines the introduction of scientific and commercial agriculture in Korea from the late nineteenth century through liberation from Japanese rule in 1945. To demonstrate how the colonial infrastructure of scientific agriculture was experienced and interpreted by ordinary farmers, Stephens traces the implementation of colonial agricultural policies through a series of semi-governmental associations, which were the main agents of the colonial state in the rural economy.
A35: 9789819593095 | C35: Wang, Feng | D35: From Chinese Characters to Sinographic Scripts : A Study of Writing Systems in the Sinosphere | G35: HRD | I35: Springer | J35: DE | K35: 202608 | M35: 344 p. | O35: EUR | P35: 129.99 | Q35: 32497 | R35: 24037 | AG35: B102 | AQ35: J | BF35: KINOPPY | BG35: J202609 | BT35: 漢字の研究 | BU35: This book conducts an in-depth exploration of the dissemination of Chinese characters in East Asia and the formation and development of Chinese character-based writing systems, emphasizing the unique contributions of various ethnic groups within the Chinese character cultural sphere to the evolution of Chinese characters. Based on historical research and cross-cultural comparison, this book offers a comprehensive and insightful perspective, revealing the developmental laws and cultural attributes of Chinese character-based writing systems in East Asia.
A36: 9781041123767 | C36: Asad, Talal(EDT)/ Isomae, Jun'ichi(EDT)/ Sakai, Naoki(EDT) | D36: Beyond the Untranslatable: Theorizing Postcolonial Translation (Creative, Social and Transnational Perspectives on Translation)" | G36: HRD | I36: Routledge | J36: GB | K36: 202608 | M36: 248 p. | N36: 234mmx156mmx- | O36: GBP | P36: 171.99 | Q36: 50565 | R36: 38560 | AG36: B103 | AH36: B201 | AQ36: J | BF36: J202609 | BT36: 磯前順一・酒井直樹ほか共編／翻訳不可能性を超えて：ポストコロニアル翻訳論（スピヴァク寄稿） | BU36: This collection examines postcolonial studies through the lens of translation studies, focusing on Asian and East Asian experiences. It redefines translation as a process of negotiating Otherness with language at its core. Following Talal Asad and Gayatri Chakravorty Spivak’s critique, the book shifts from subjectivity to subjectivation, arguing that subjects exist in reciprocal relationships with Others.From the Contents: 3. How to Count Languages; How to Classify Humanity (Naoki Sakai); 4. What Is It to Be Secular? (Gayatri Chakravorty Spivak); 5. Settler-Colonial Translation: “Civilization” and the Ainu Voice (Katsuya Hirano) | CE36: Other Philosophy | CF36: Translating and interpreting - | CG36: Translating and interpreting - | CH36: Translating and interpreting - | CI36: Translating and interpreting
A37: 9781032170732 | C37: Meade, Ruselle (EDT)/ Shih, Claire (EDT)/ Kim, Kyung Hye (EDT) | D37: Routledge Handbook of East Asian Translation(Routledge Studies in East Asian Translation) | G37: PAP | H37: pap. | I37: Routledge | J37: GB | K37: 202606 | M37: 394 p. | O37: GBP | P37: 53.99 | Q37: 15873 | R37: 12104 | AG37: B103 | AQ37: G | AR37: Q | AS37: J | BF37: ANN202607 | BG37: J202406 | BH37: J202609 | BI37: TF24Q4S1 | BJ37: SB3281 | BK37: SB3245 | BL37: NA6327 | BM37: SB3256 | BN37: NA6331 | BO37: NA6347 | BP37: NA6297 | BT37: ラウトレッジ版 東アジア翻訳ハンドブック | BU37: 日本を含む東アジアにおける翻訳の実践の諸相に迫る全25章。「在日文学」「日本語内翻訳の技術とパラテクスト要素」「日本の翻訳史における漢文訓読」「中国仏教書の日本語民間注釈」「日本のコミュニティ通訳の現状と問題」などの章を含む。 New in paperback. Hardcover was published in 2024. A wide variety of translatorial practices are discussed, including the creative use of Chinese in Japanese-language novels, the use of translation to evade censorship online, community theatre translation, and translation of picture books. From the Contents: 8. Zainichi (Koreans in Japan) Literature; 11. Beyond Rewording: Translation Techniques and Paratextual Elements in Japanese Intralingual Translations; 21. Professional Interpreters and Translators in Early Modern Japan; 22. European Languages through Sino-Japanese Looking Glasses - bun kundoku in Japanese Translation History; 23. Japanese Vernacular Glossing of Sinitic Buddhist Texts; 24. Current Status and Issues of Community Interpreting in Japan. | CB37: 418.02095 | CE37: East Asian literature - Transl | CF37: East Asian literature | CG37: Translating and interpreting - | CH37: Translating and interpreting | CI37: East Asia
A38: 9783032307125 | C38: Lue, Chan (EDT)/ Li, Xiaomeng (EDT)/ Ke, Sihui Echo (EDT) | D38: Advances in Second Language Reading and Cross-linguistic Transfer : In Honor of Keiko Koda(Second Language Learning and Teaching) | G38: HRD | I38: Springer | J38: DE | K38: 202609 | M38: 298 p. | O38: EUR | P38: 149.99 | Q38: 37497 | R38: 27736 | AG38: B104 | AQ38: J | BF38: J202609 | BT38: 第二言語読解と言語間転移の最前線：甲田慶子記念論文集 | BU38: This book celebrates the remarkable contributions of Dr Keiko Koda, a leader in second language (L2) acquisition and reading development, who retired from Carnegie Mellon University in 2024. The chapters in this volume explore recent theoretical developments and practical applications in L2 reading research from a cross-linguistic perspective. | CC38: KNO5610
A39: 9781032628622 | C39: Masuda, Kyoko/ Snyder Ohta, Amy/ Tsujihara, Rie | D39: Concept-based Language Instruction : Usage-based Linguistics and Sociocultural Theory in Teaching Japanese (Routledge Studies in Applied Linguistics) | G39: PAP | H39: pap. | I39: Routledge | J39: GB | K39: 202605 | M39: 312 p.; 40 Illustrations, black and white 18 Halftones, bl | O39: GBP | P39: 47.99 | Q39: 14109 | R39: 10759 | AG39: B150 | AQ39: J | BF39: SB3242C | BG39: TF25Q2S1 | BH39: J202503 | BI39: SB3256 | BJ39: ANN202607 | BK39: J202609 | BT39: 日本語教育のための用法基盤言語学と社会文化理論 | BU39: New in paperback. Hardcover was published in 2025. This volume showcases how concept-based language instruction (C-BLI) can be effectively integrated into foreign language instruction. C-BLI is grounded in the relationship between theory, research, and practice, incorporating visual aids called SCOBAs (schemas for a complete orientating basis of action) designed to teach accurate scientific concepts. SCOBAs materialize L2 usage-based linguistic and cultural concepts to create tools that promote conceptual understanding and internalization. | CB39: 495.6071 | CE39: Japanese language - Study and | CF39: Second language acquisition - | CG39: Sociolinguistics
A40: 9783032278975 | C40: Marinaro, Salvador (EDT) | D40: Cultural Crosscurrents from Latin America to Asia(Historical and Cultural Interconnections between Latin America and Asia) | G40: HRD | I40: Palgrave Macmillan | J40: DE | K40: 202607 | M40: 140 p.; XX, 140 p. | O40: EUR | P40: 149.99 | Q40: 37497 | R40: 27736 | AG40: B202 | AH40: A60 | AI40: A52 | AQ40: J | BF40: J202609 | BT40: 東アジアとラテンアメリカの文化交流 | BU40: This book explores the interactions between two regions marginalized by the Eurocentric worldview: East Asia and Latin America. From the Contents: Chapter 4: Japanese Prints and Nikkei Poetry: Doris Moromisato and the Floating World; Chapter 6: Kokoro across Continents: Araceli Tinajero's Journey of Cultural Identity in Japan. | CC40: KNO7490
A41: 9781529998474 | C41: Aoyama, Michiko/ Watts, Alison (TRN) | D41: What You Are Looking for is in the Library : Christmas Limited Illustrated Hardback | G41: HRD | I41: Doubleday | J41: GB | K41: 202609 | M41: 256 p. | N41: 208mmx137mmx25mm | O41: GBP | P41: 16.99 | Q41: 4995 | R41: 4638 | AG41: B250 | AQ41: J | BF41: J202609 | BT41: 青山美智子『お探し物は図書室まで』（英訳） | BY41: 1 | CA41: 101 | CB41: 895.636 | CE41: FICTION / World Literature / J | CF41: Fiction In Translation
A42: 9780811240567 | C42: Basho, Matsuo/ McKinney, Meredith (TRN) | D42: The Narrow Road of Oku | G42: PAP | I42: New Directions Publishing Corporation | J42: US | K42: 202608 | M42: 96 p. | N42: 152mmx107mmx8mm | O42: USD | P42: 15.95 | Q42: 3429 | R42: 3174 | AG42: B250 | AQ42: J | BF42: J202609 | BT42: 松尾芭蕉『奥の細道』（新英訳） | CA42: 101 | CB42: 895.6132
A43: 9780300290127 | C43: Crawford, Robert | D43: Haiku : How the modern world came to fall in love with small poems from Japan | G43: HRD | I43: Yale University Press | J43: US | K43: 202609 | M43: 416 p.; 23 b-w illus. | N43: 235mmx152mmx- | O43: USD | P43: 35 | Q43: 7525 | R43: 6055 | AG43: B250 | AQ43: J | BF43: ANN202607 | BG43: J202609 | BT43: 世界はいかに日本の短詩Haikuに恋したか | BU43: Acclaimed poet and critic Robert Crawford charts the haiku’s journey across the world, from Japan to nineteenth-century New Jersey, London, and California - and on to twenty-first-century Senegal and Brazil. We see the early experiments by contemporaries of Robert Louis Stevenson and Arthur Conan Doyle, grapple with Ezra Pound’s modernist haiku, witness their transformation by Rabindranath Tagore and the Beat Generation, and newly appreciate the globalised, digital form we know today. | CB43: 809.141
A44: 9780811240499 | C44: Dazai, Osamu/ McCarthy, Ralph (TRN) | D44: Good-Bye | G44: PAP | I44: New Directions Publishing Corporation | J44: US | K44: 202607 | M44: 192 p. | N44: 216mmx130mmx15mm | O44: USD | P44: 17.95 | Q44: 3859 | R44: 3572 | AG44: B250 | AQ44: J | BF44: J202609 | BT44: 太宰治『グッドバイ ほか短編集 全11編』（英訳） | BY44: 1 | CA44: 101 | CB44: 895.636
A45: 9781529983784 | C45: Enchi, Fumiko | D45: Masks(Brief Encounters) | G45: PAP | I45: Vintage Classics | J45: GB | K45: 202607 | M45: 176 p. | N45: 197mmx130mmx13mm | O45: GBP | P45: 9.99 | Q45: 2937 | R45: 2727 | V45: 2300 | AG45: B250 | AQ45: J | BF45: J202609 | BT45: 円地文子『女面』（英訳） | BZ45: 2300 | CA45: 101 | CB45: 895.635 | CE45: FICTION / Romance / General
A46: 9781032545981 | C46: Fukuzawa, Naomi Charlotte | D46: Japan and Japonisme in Late Nineteenth Century Literature(Asia, Europe, and Global Connections) | G46: PAP | H46: pap. | I46: Routledge | J46: GB | K46: 202605 | M46: 226 p.; 6 Illustrations, black and white 6 Halftones, blac | N46: 234mmx156mmx- | O46: GBP | P46: 47.99 | Q46: 14109 | R46: 10759 | AG46: B250 | AH46: B202 | AQ46: J | BF46: TF24Q4S2 | BG46: J202412 | BH46: SB3241C | BI46: ANN202607 | BJ46: J202609 | BT46: １９世紀末の文学における日本とジャポニスム | BU46: New in paperback. Hardcover was published in 2024. Specifically, the book focuses on the literary works of Lafcadio Hearn and Pierre Loti, who travelled from France and America, respectively, to Japan, and Mori Ogai and Natsume Soseki, who in turn went, respectively, to Germany and England from Japan. | CB46: 809.93359 | CE46: Japan - In literature | CF46: Japonism | CG46: Literature, Modern - History a | CH46: Literature, Modern - History a
A47: 9781398525993 | C47: Harada, Hika/ Watts, Alison (TRN) | D47: How To Use 3,000 Yen : The new Japanese bestseller from the author of Dinner at the Night Library | G47: PAP | I47: Scribner UK | J47: GB | K47: 202609 | M47: 256 p. | N47: 216mmx135mmx16mm | O47: GBP | P47: 14.99 | Q47: 4407 | R47: 4092 | AG47: B250 | AQ47: J | BF47: J202609 | BT47: 原田ひ香『三千円の使いかた』（英訳） | CA47: 101 | CB47: 895.636
A48: 9784805320563 | C48: Higashino, Keigo/ Smith, Alexander O. | D48: The Dark Magician : Murder in a Town with No Name | G48: PAP | I48: Tuttle Publishing | J48: JP | K48: 202609 | M48: 288 p. | N48: 0mmx0mmx0mm | O48: JPY | P48: 2500 | Q48: 2500 | AG48: B250 | AQ48: J | BF48: J202609 | BG48: J202609 | BT48: 東野圭吾『ブラック・ショーマンと名もなき町の殺人』（英訳） | CA48: 101
A49: 9781529982671 | C49: Kawabata, Yasunari/ Seidensticker, Edward G. (TRN) | D49: The Master of Go(Brief Encounters) | G49: PAP | I49: Vintage Classics | J49: GB | K49: 202607 | M49: 176 p. | N49: 199mmx130mmx14mm | O49: GBP | P49: 9.99 | Q49: 2937 | R49: 2727 | V49: 2300 | AG49: B250 | AQ49: J | BF49: J202609 | BT49: 川端康成『名人』（英訳） | BZ49: 2300 | CA49: 101 | CB49: 895.6344 | CE49: Go Game - Fiction - Psychologi | CF49: Go Game | CG49: Japan - Fiction - Civilization | CH49: Japan
A50: 9781805336549 | C50: Kawai, Louise Heal (TRN)/ Yokomizo, Seishi | D50: The Honjin Murders | G50: PAP | I50: Pushkin Vertigo | J50: US | K50: 202609 | M50: 192 p. | N50: 198mmx129mmx- | O50: USD | P50: 17.95 | Q50: 3859 | R50: 3572 | AG50: B250 | AQ50: J | BF50: J202609 | BT50: 横溝正史『本陣殺人事件』（英訳） | BY50: 1 | CA50: 101 | CB50: 895.635 | CE50: Japan - Fiction | CF50: Japan
A51: 9780593979082 | C51: Matsumoto, Seicho/ Kawai, Louise Heal (TRN)/ Iyer, Pico (INT) | D51: A Quiet Place : A Novel | G51: PAP | I51: Modern Library Inc | J51: US | K51: 202607 | M51: 240 p. | N51: 203mmx131mmx16mm | O51: USD | P51: 19 | Q51: 4085 | R51: 3781 | AG51: B250 | AQ51: J | BF51: J202609 | BG51: KINOPPY | BT51: 松本清張『聞かなかった場所』（原書） | CA51: 101
A52: 9781787305724 | C52: Murakami, Haruki/ Gabriel, Philip (TRN) | D52: Abandoning a Cat | G52: HRD | I52: Harvill | J52: GB | K52: 202610 | M52: 96 p. | N52: 205mmx140mmx14mm | O52: GBP | P52: 14.99 | Q52: 4407 | R52: 4092 | AG52: B250 | AQ52: J | BF52: J202609 | BT52: 村上春樹『猫を棄てる 父親について語るとき』（英訳） | CA52: 102 | CB52: 895.646 | CE52: Fathers and sons
A53: 9781009533959 | C53: Saito, Satomi | D53: The Evolution of Classical Detective Fiction in Japan : Between Honkaku and Henkaku (Elements in Crime Narratives) | G53: PAP | H53: pap. | I53: Cambridge University Press | J53: GB | K53: 202607 | M53: 80 p. | O53: GBP | P53: 18 | Q53: 5292 | R53: 4248 | AG53: B250 | AQ53: J | BF53: J202609 | BT53: 日本における探偵小説の進化：本格と変格の間 | BU53: This Element traces the evolution of honkaku (orthodox) detective fiction in Japan, examining how a Western-derived puzzle genre was adapted, contested, and transformed within Japan's twentieth-century cultural climate. It begins with the genre's prewar formation, focusing on Edogawa Rampo's shift from a faithful practitioner of honkaku to a representative figure of Japan's henkaku (unorthodox) mode. The second section analyzes the postwar honkaku movement, demonstrating how Seishi Yokomizo and Seicho Matsumoto revitalized the genre while revealing the limits of the classical puzzle model. The final section turns to the New Orthodox School of the 1990s, whose writers pushed honkaku to its limits by reworking narrative structures and subverting genre conventions. By foregrounding debates surrounding honkaku, this Element theorizes detective fiction as a historically contingent system of formal constraints and cultural negotiations, positioning modern Japanese literature as a crucial site for rethinking genre, narrative logic, and the global circulation of literary forms. | CB53: 895.63087 | CE53: Detective and mystery stories, | CF53: Japanese fiction - History and | CG53: Japanese fiction - History and | CH53: Japanese fiction - History and | CI53: Japanese literature - Western
A54: 9781009533928 | C54: Saito, Satomi | D54: The Evolution of Classical Detective Fiction in Japan : Between Honkaku and Henkaku (Elements in Crime Narratives) | G54: HRD | I54: Cambridge University Press | J54: GB | K54: 202607 | M54: 80 p. | O54: GBP | P54: 55 | Q54: 16170 | R54: 12980 | AG54: B250 | AQ54: J | BF54: J202609 | BG54: KINOPPY | BT54: 日本における探偵小説の進化：本格と変格の間 | BU54: This Element traces the evolution of honkaku (orthodox) detective fiction in Japan, examining how a Western-derived puzzle genre was adapted, contested, and transformed within Japan's twentieth-century cultural climate. It begins with the genre's prewar formation, focusing on Edogawa Rampo's shift from a faithful practitioner of honkaku to a representative figure of Japan's henkaku (unorthodox) mode. The second section analyzes the postwar honkaku movement, demonstrating how Seishi Yokomizo and Seicho Matsumoto revitalized the genre while revealing the limits of the classical puzzle model. The final section turns to the New Orthodox School of the 1990s, whose writers pushed honkaku to its limits by reworking narrative structures and subverting genre conventions. By foregrounding debates surrounding honkaku, this Element theorizes detective fiction as a historically contingent system of formal constraints and cultural negotiations, positioning modern Japanese literature as a crucial site for rethinking genre, narrative logic, and the global circulation of literary forms. | CB54: 895.63087 | CE54: Detective and mystery stories, | CF54: Japanese fiction - History and | CG54: Japanese fiction - History and | CH54: Japanese fiction - History and | CI54: Japanese literature - Western
A55: 9798855806069 | C55: Taniguchi, Masaki | D55: Democracy in Japan : The Logic of One-Party Dominance | G55: PAP | H55: pap. | I55: State University of New York Press | J55: US | K55: 202609 | M55: 202 p.; 34 figures, 34 tables; 34 Figures | N55: 229mmx152mmx20mm | O55: USD | P55: 37.99 | Q55: 8167 | R55: 7560 | AG55: B250 | AQ55: J | BF55: J202609 | BT55: 谷口将紀（著）／日本の民主主義：一党優位制の論理 | BU55: Based on the monumental UTokyo-Asahi Survey, Masaki Taniguchi shows, the survey empirically reveals that the Liberal Democratic Party has been able to maintain one-party dominance despite its unprecedented shift to the right since 2012-not because voters' preferences have become more conservative but because it has maintained its valence in economic policy, which is not related to the left-right axis in Japan. | CB55: 320.452 | CE55: Democracy - Japan | CF55: Democracy | CG55: Japan - Politics and governmen | CH55: Japan
A56: 9798855806052 | C56: Taniguchi, Masaki | D56: Democracy in Japan : The Logic of One-Party Dominance | G56: HRD | I56: State University of New York Press | J56: US | K56: 202603 | M56: 202 p.; 34 figures, 34 tables; 34 Figures | N56: 229mmx152mmx20mm | O56: USD | P56: 115 | Q56: 24725 | R56: 22885 | AG56: B250 | AQ56: J | BF56: J202609 | BT56: 谷口将紀（著）／日本の民主主義：一党優位制の論理 | BU56: Based on the monumental UTokyo-Asahi Survey, Masaki Taniguchi shows, the survey empirically reveals that the Liberal Democratic Party has been able to maintain one-party dominance despite its unprecedented shift to the right since 2012-not because voters' preferences have become more conservative but because it has maintained its valence in economic policy, which is not related to the left-right axis in Japan. | CB56: 320.452 | CE56: Democracy - Japan | CF56: Democracy | CG56: Japan - Politics and governmen | CH56: Japan
A57: 9781399623254 | C57: Tsutsui, Yasutaka/ O'Horan, Helen (TRN) | D57: Paprika(S.F. MASTERWORKS) | G57: PAP | I57: Gollancz | J57: GB | K57: 202610 | M57: 416 p. | N57: 196mmx126mmx30mm | O57: GBP | P57: 12.99 | Q57: 3819 | R57: 3546 | AG57: B250 | AQ57: J | BF57: J202609 | BT57: 筒井康隆『パプリカ』（英訳） | CA57: 101 | CB57: 895.635
A58: 9781032858876 | C58: Yiu, Angela | D58: Engagements with Modern Japanese Literature(Routledge Engagements with Literature) | G58: HRD | I58: Routledge | J58: GB | K58: 202608 | M58: 178 p.; 2 Tables, black and white | N58: 234mmx156mmx- | O58: GBP | P58: 171.99 | Q58: 50565 | R58: 38560 | AG58: B250 | AQ58: J | BF58: J202609 | BT58: 近現代日本文学を学ぶ | BU58: This book offers an accessible introduction to the development of modern Japanese literature from the Meiji period to contemporary Japan. It combines literary history and literary analysis to provide an overview as well as in-depth understanding of literary development in the past 150 years. Consistently structured, each chapter introduces key concepts and literary developments; detailed analysis of selected authors and major works; and helpful bolding throughout of important terms discussed further in the glossary. | CB58: 895.609 | CE58: Japanese literature - History | CF58: Japanese literature - History
A59: 9781032858869 | C59: Yiu, Angela | D59: Engagements with Modern Japanese Literature(Routledge Engagements with Literature) | G59: PAP | H59: pap. | I59: Routledge | J59: GB | K59: 202608 | M59: 178 p.; 2 Tables, black and white | N59: 234mmx156mmx- | O59: GBP | P59: 43.99 | Q59: 12933 | R59: 9862 | AG59: B250 | AQ59: J | BF59: ANN202608 | BG59: J202609 | BT59: 近現代日本文学を学ぶ | BU59: This book offers an accessible introduction to the development of modern Japanese literature from the Meiji period to contemporary Japan. It combines literary history and literary analysis to provide an overview as well as in-depth understanding of literary development in the past 150 years. Consistently structured, each chapter introduces key concepts and literary developments; detailed analysis of selected authors and major works; and helpful bolding throughout of important terms discussed further in the glossary. | CB59: 895.609 | CE59: Japanese literature - History | CF59: Japanese literature - History
A60: 9781805336495 | C60: Yokomizo, Seishi | D60: Murder at the Black Cat Cafe. New Edition | G60: PAP | I60: Pushkin Vertigo | J60: GB | K60: 202607 | M60: 224 p. | O60: GBP | P60: 10.99 | Q60: 3231 | R60: 3000 | AG60: B250 | AQ60: J | BF60: J202609 | BT60: 横溝正史『黒猫亭事件』（英訳） | BY60: 1 | CA60: 101 | CB60: 895.6344 | CE60: Japan - Tokyo | CF60: Tokyo Japan - Fiction - Histor
A61: 9781009528696 | C61: Lucken, Michael/ DeBevoise, Malcolm (TRN)/ Mitsis, Phillip (EDT) | D61: Japan and Ancient Greece : Culture and Possession(Classical Scholarship in Translation) | G61: HRD | I61: Cambridge University Press | J61: GB | K61: 202607 | M61: 230 p. | O61: GBP | P61: 95 | Q61: 27930 | R61: 22420 | AG61: B300 | AH61: A112 | AI61: A610 | AQ61: J | BF61: ANN202608 | BG61: J202609 | BH61: KINOPPY | BT61: ミカエル・リュケン著／日本と古代ギリシア：文化と占有（英訳） | BU61: Ancient Greek culture has permeated all aspects of Japanese public and cultural life since the Meiji restoration. This groundbreaking book explores the relationship between two seemingly distant cultures, thereby providing a formidable model for thinking about the wider problem of Classical reception and cultural appropriation. | CB61: 303.48252 | CE61: Greece - Civilization - Influe | CF61: Greece | CG61: Japan - Civilization - 1868 | CH61: Japan
A62: 9780691973999 | C62: Brooks, Kit | D62: Takeda Hideo's Genpei : Defying Authority | G62: HRD | I62: Princeton University Press | J62: US | K62: 202610 | M62: 136 p.; 75 color illus. | N62: 279mmx248mmx- | O62: USD | P62: 40 | Q62: 8600 | R62: 6920 | AG62: B311 | AQ62: J | BF62: ANN202607 | BG62: J202609 | BT62: 武田秀雄の連作絵画「源平」 | BU62: The first major book in English on the artist in several decades, Takeda Hideo’s “Genpei” features an interview with the artist in both English and Japanese. Takeda Hideo has worked across media throughout his long career, from painting and print design to cartooning, photography, and sculpture. Enormously flexible, endlessly surprising, and often surreal, his work injects dark humor into a wide range of subjects, with a touch of irreverence and incorporating elements of sexuality, distortion, and dynamic composition. This book examines the body of work for which Takeda is best known, Genpei, a series of silkscreens portraying battle scenes from the twelfth-century Genpei War.
A63: 9781915401199 | C63: Fuchs, Ronald.W | D63: Japanese Porcelain from the Frelinghuysen Collection | G63: HRD | I63: Paul Holberton Publishing Ltd | J63: US | K63: 202610 | M63: 208 p. | O63: USD | P63: 80 | Q63: 17200 | R63: 15920 | AG63: B312 | AQ63: J | BF63: J202609 | BT63: 日本の陶磁器：フリーリングハイゼン・コレクション名品集 | BU63: Japanese Porcelain from the Frelinghuysen Collection features pieces of blue and white and polychrome porcelain made for both the domestic and export markets from the seventeenth, eighteenth, and nineteenth centuries. The collection is especially rich in material from the later eighteenth and nineteenth centuries, a period that has received little scholarly attention to date. A particular focus are pieces decorated with Dutch figures and ships that were made for Japanese consumers curious about the only Europeans allowed into the country from 1641 to 1854. Through these objects, Ron Fuchs explores how Japan interacted with an increasingly interconnected and changing world and how people in Japan and around the globe used Japanese porcelain for dining and for decorating their homes. | CB63: 738.20952
A64: 9781529453119 | C64: Leleu, Clemence/ Reece, Andrea (TRN) | D64: Japanese Fashion : A Journey from Tradition to Iconic Designers, Street Style to Global Influence | G64: HRD | I64: Laurence King Publishing | J64: GB | K64: 202610 | M64: 240 p.; Colour photography | N64: 294mmx218mmx30mm | O64: GBP | P64: 50 | Q64: 14700 | R64: 13650 | AG64: B312 | AQ64: J | BF64: J202609 | BT64: 日本のファッション | BU64: From exquisite kimono textiles and indigo-dyed fabrics to the groundbreaking creations of Rei Kawakubo, Yohji Yamamoto, Issey Miyake and Kenzo, this book uncovers the very fabric of a distinctive fashion culture that continues to inspire designers around the globe. | CA64: 103 | CB64: 391.00952 | CE64: Clothing and dress - Japan | CF64: Clothing and dress | CG64: Fashion - Japan | CH64: Fashion | CI64: Japan
A65: 9781350516243 | C65: Li, Leren | D65: Reviving Boro : Exploring Japanese Textile Repair Culture | G65: HRD | I65: Bloomsbury Visual Arts | J65: GB | K65: 202610 | M65: 248 p.; 81 color illus | N65: 250mmx190mmx22mm | O65: GBP | P65: 85 | Q65: 24990 | R65: 20060 | AG65: B312 | AQ65: J | BF65: J202609 | BT65: よみがえる襤褸：日本の繊維修繕文化の探究 | BU65: From 'shameful' utilitarian garments to a contemporary, trans&shy;cultural fashion trend: like wabi-sabi and kintsugi before it, boro has gained worldwide recognition as a quintessential Japanese aesthetic and sustainable design practice. How has this cross-cultural reimagining shaped boro's meaning in art and fashion? And what are we doing when we make, collect, display and wear boro today? | CB65: 746.46095 | CE65: Fashion - Japan | CF65: Fashion | CG65: Patchwork - Japan | CH65: Patchwork | CI65: Textile fabrics - Japan
A66: 9798765163313 | C66: Cole, Emily E. | D66: Photographic Encounters in Postwar Japan, 1945-1955(New Studies in Modern Japan) | G66: HRD | I66: Bloomsbury Academic | J66: GB | K66: 202610 | M66: 320 p.; 73 b&w illus | N66: 229mmx152mmx- | O66: GBP | P66: 95 | Q66: 27930 | R66: 22420 | AG66: B313 | AH66: A613 | AQ66: J | BF66: J202609 | BT66: 戦後日本における写真的遭遇：1945－1955年 | BU66: Examines photographs that Japanese and Americans took of Japan and each other amidst the social, political, economic, and cultural upheaval of the postwar period.
A67: 9781041306801 | C67: Akcesme, Ifakat Banu (EDT)/ Atesci Kocak, Betuel (EDT)/ Kocak, Kenan (EDT) | D67: Exploring Ecological Issues in Graphic Narratives(Global Perspectives in Comics Studies) | G67: PAP | H67: pap. | I67: Routledge | J67: GB | K67: 202609 | M67: 196 p.; 15 Illustrations, black and white 15 Halftones, bl | N67: 234mmx156mmx- | O67: GBP | P67: 43.99 | Q67: 12933 | R67: 9862 | AG67: B314 | AQ67: J | BF67: J202609 | BT67: コミックが投げかける環境問題 | BU67: Through global case studies - including Indigenous resistance in Canada’s oil sands, Dalit environmental aesthetics in India, Japanese eco-dystopian manga, and urban human-animal reconfigurations - this book explores how graphic narratives depict “slow violence,” express nonhuman agency, and challenge anthropocentric binaries. From the Contents: 3. Ecology and Memory: Hayao Miyazaki’s Nausicaae and Gebe’s L’an 01 as Case Studies - Bettina Egger; 5. Humanised Environments for Dehumanised Humans in Yu^ichi Yokoyama’s Travel - Hugo Noronha de Almeida. | CB67: 741.59 | CE67: Comic books, strips, etc - His | CF67: Ecocriticism | CG67: Environmentalism in comics | CH67: Graphic novels - History and c | CI67: Graphic novels
A68: 9781041303053 | C68: Akcesme, Ifakat Banu (EDT)/ Atesci Kocak, Betuel (EDT)/ Kocak, Kenan (EDT) | D68: Exploring Ecological Issues in Graphic Narratives(Global Perspectives in Comics Studies) | G68: HRD | I68: Routledge | J68: GB | K68: 202609 | M68: 196 p.; 15 Illustrations, black and white 15 Halftones, bl | N68: 234mmx156mmx- | O68: GBP | P68: 171.99 | Q68: 50565 | R68: 38560 | AG68: B314 | AQ68: J | BF68: J202609 | BT68: コミックが投げかける環境問題 | BU68: Through global case studies-including Indigenous resistance in Canada’s oil sands, Dalit environmental aesthetics in India, Japanese eco-dystopian manga, and urban human-animal reconfigurations-this book explores how graphic narratives depict “slow violence,” express nonhuman agency, and challenge anthropocentric binaries. From the Contents: 3. Ecology and Memory: Hayao Miyazaki’s Nausicaae and Gebe’s L’an 01 as Case Studies - Bettina Egger; 5. Humanised Environments for Dehumanised Humans in Yu^ichi Yokoyama’s Travel - Hugo Noronha de Almeida. | CB68: 741.59 | CE68: Comic books, strips, etc - His | CF68: Ecocriticism | CG68: Environmentalism in comics | CH68: Graphic novels - History and c | CI68: Graphic novels
A69: 9798880701032 | C69: Coleman, Lindsay (EDT)/ Denison, Rayna (EDT)/ Desser, David (EDT)/ Ashmore, Darren-Jon (CON)/ Clements, Jonathan (CON) | D69: The Many Worlds of Takahata Isao | G69: PAP | H69: pap. | I69: University of Hawai'i Press | J69: US | K69: 202609 | M69: 264 p.; 34 b&w illustrations | N69: 229mmx152mmx- | O69: USD | P69: 30 | Q69: 6450 | R69: 5970 | AG69: B314 | AQ69: J | BF69: J202506 | BG69: SB3255D | BH69: ANN202506 | BI69: NA6355 | BJ69: ANN202609 | BK69: J202609 | BT69: 高畑勲の多様な世界 | BU69: New in paperback. Hardcover was published in 2025. This is the first English-language book dedicated to exploring lesser-known works and aspects of Takahata’s career and providing in-depth analyses of the films that garnered him international acclaim.
A70: 9781843848196 | C70: Su, Minjie (EDT)/ Johannesdottir, Pordis Edda (CON)/ Danesin, Maxime (CON)/ Griffith, John Lance (CON)/ Hasegawa, Chiharu (CON) | D70: Medievalism in Japanese Manga : From Vikings to Samurai(Medievalism) | G70: HRD | I70: D.S. Brewer | J70: US | K70: 202609 | M70: 236 p.; 16 b/w illus. | N70: 234mmx156mmx- | O70: USD | P70: 130 | Q70: 27950 | R70: 22490 | AG70: B314 | AH70: B22 | AQ70: J | BF70: J202609 | BT70: 日本のマンガが描く中世：ヨーロッパから日本へ | BU70: This volume examines how the Middle Ages is reimagined in Japanese manga and related media, from berserkr and Bushido baseball to Arthurian knights and Valkyries. Contributions by Pordis Edda Johannesdottir, Maxime Danesin, John Lance Griffith, Chiharu HASEGAWA, Sayaka Matsumoto, Hiroki Okamoto, Minoru Ozawa, Gaia Perreaut, Minjie Su, Yao Sun, Makoto Yukimura.
A71: 9781041278719 | C71: Seligmann, Ari (EDT) | D71: Handbook of Japanese Modern Architecture(Handbooks on Japanese Studies) | G71: HRD | I71: Routledge | J71: GB | K71: 202610 | M71: 398 p.; 70 Illustrations, black and white 64 Halftones, bl | N71: 246mmx174mmx- | O71: GBP | P71: 260 | Q71: 76440 | R71: 58292 | AG71: B32 | AH71: F95 | AQ71: G | AR71: Q | AS71: J | BF71: HBJS | BG71: J202609 | BT71: 日本近代建築ハンドブック | BU71: This handbook explores Japanese architecture and the built environment from diverse disciplinary and methodological perspectives, tracing the influences that have shaped modern Japanese architecture and urbanism. Divided into four thematic parts-translations, materializations, meditations, and characterizations-the handbook takes the reader on a stroll through developments of Japanese architecture and the transnational exchanges that have shaped conceptions and production of Japanese architecture. It examines translations of domestic and international ideas and evolving building cultures. The book also considers the media through which Japanese architecture is formulated and disseminated, and the discursive constructions that operate in dialogue with built constructions. | CB71: 720.952 | CE71: Architecture - Japan | CF71: Architecture | CG71: Architecture, Modern | CH71: Japan
A72: 9781350371484 | C72: Nakao, Kaoru/ Pellecchia, Diego/ Shepherd, Simon (SED) | D72: Noh : Japanese Classical Dance-drama(Forms of Drama) | G72: PAP | H72: pap. | I72: Methuen Drama | J72: GB | K72: 202608 | M72: 208 p.; 10 bw illus | N72: 196mmx124mmx14mm | O72: GBP | P72: 28.99 | Q72: 8523 | R72: 6841 | AG72: B33 | AH72: M354 | AI72: M351 | AQ72: J | BF72: ANN202508 | BG72: CH202509 | BH72: J202509 | BI72: SB3260D | BJ72: ANN202606 | BK72: J202609 | BT72: 中尾薫（共）著／能：日本の古典舞劇 | BU72: New in paperback. Hardcover was published in 2025. This volume provides the reader with a comprehensive overview of the rich traditions of noh, classical Japanese dance-drama. Drawing from specialized scholarship in English and in Japanese, it takes an accessible approach useful for a range of readers, including students and researchers of Japanese culture and performing arts, as well as theatre practitioners. | CB72: 792.0952 | CE72: No&#772; | CF72: No&#772; - History
A73: 9781937220129 | C73: Andrews, William | D73: Pink Auteur, Red Outlaw : Adachi Masao and Japan's Cinema of Revolution | G73: PAP | I73: Awai Books | J73: US | K73: 202609 | M73: 370 p. | O73: USD | P73: 33.99 | Q73: 7307 | R73: 6764 | AG73: B34 | AQ73: J | BF73: J202609 | BU73: Adachi Masao is one of the most radical figures in postwar Japanese culture. Once a fugitive from the Japanese state, Adachi forged his filmmaking career amid the upheavals of 1960s and '70s counterculture, shaped by student uprisings, political violence, and global conflict. This critical biography traces his life and work from early collaborations with Wakamatsu Koji and Oshima Nagisa, through his years in the Middle East fighting for the Palestinian cause with the Japanese Red Army, to his highly anticipated return to filmmaking in the twenty-first century. | CA73: 102
A74: 9781041278368 | C74: Kim, Se Young | D74: The Intimate Violence of South Korean and Japanese Cinema(Critical Asian Cinemas) | G74: HRD | I74: Routledge | J74: GB | K74: 202609 | M74: 136 p.; 7 Illustrations, black and white 7 Halftones, blac | N74: 234mmx156mmx- | O74: GBP | P74: 171.99 | Q74: 50565 | R74: 38560 | AG74: B34 | AQ74: J | BF74: J202609 | BT74: 韓国・日本映画の親密間暴力 | BU74: This book provides an in-depth analysis of the origins and impact of violent South Korean and Japanese cinema from the late 1990s onward, exploring how South Korean filmmakers were inspired by Japanese counterparts, reflecting shared economic struggles of the 1990s and early 2000s. | CB74: 791.43655 | CE74: Motion pictures - History - Ko | CF74: Motion pictures - History - Ja | CG74: Motion pictures - History | CH74: Violence in motion pictures | CI74: Japan
A75: 9781805750000 | C75: Osmond, Andrew | D75: My Neighbour Totoro(BFI Film Classics) | G75: PAP | H75: pap. | I75: BFI Publishing | J75: GB | K75: 202612 | M75: 112 p.; 60 colour illus | N75: 186mmx134mmx12mm | O75: GBP | P75: 12.99 | Q75: 3819 | R75: 3065 | AG75: B34 | AQ75: J | BF75: J202609 | BT75: 『となりのトトロ』（BFI映画古典叢書） | BU75: A study of Hayao Miyazaki's anime My Neighbour Totoro (1988) in the BFI Film Classics series | CA75: 541
A76: 9781350378605 | C76: Player, Mark | D76: Japanese Cinema and Punk : Intermedial Exchanges(World Cinema) | G76: PAP | H76: pap. | I76: Bloomsbury Academic | J76: GB | K76: 202611 | M76: 264 p. | N76: 236mmx160mmx20mm | O76: GBP | P76: 28.99 | Q76: 8523 | R76: 6841 | AG76: B34 | AQ76: J | BF76: J202503 | BG76: SB3242D | BH76: J202609 | BT76: 日本映画とパンク文化 | BU76: New in paperback. Hardcover was published in 2025. This is an in-depth examination of the intermedial relationship between Japanese cinema and punk culture, focusing on Japan’s ‘punk generation’ of filmmakers between the 1970s and 1980s. Drawing on rare materials and first-hand interviews with key figures from the jishu eiga (self-made film) tradition, including Ishii Gakuryu (formerly Ishii Sogo), Yamamoto Masashi, Tsukamoto Shin’ya, and Fukui Shozin, Player explores how punk’s bricolage style was leveraged to create exciting intermedial film aesthetics. | CB76: 791.43095 | CE76: Film criticism | CF76: Motion pictures - Japan - Hist | CG76: Motion picture industry - Japa | CH76: Punk rock music - Influence | CI76: Punk rock music - Japan - Hist
A77: 9781399558792 | C77: Pugsley, Peter C. | D77: Beyond the High School Film : Reaching Adulthood in Everyday Japanese Cinema | G77: HRD | I77: Edinburgh University Press | J77: GB | K77: 202605 | M77: 208 p.; 28 B&W for PB and colour for ebook and HB 6 black | N77: 234mmx156mmx- | O77: GBP | P77: 95 | Q77: 27930 | R77: 22420 | AG77: B34 | AQ77: J | BF77: ANN202609 | BG77: J202609 | BT77: 日本映画の日常の中で大人になる若者たち | BU77: This book investigates recent live-action Japanese films that feature young adults and how they represent today’s culture and the shifts in behaviours and attitudes toward relationships (including same-sex relationships), marriage, disability and careers. Films such as Threads: Our Tapestry of Love (2020), Ride or Die (2021) and Teasing Master Takagi-san (2024) are part of a larger cohort of films that maintain a steady flow of financial success for their studios, directors and stars. | CB77: 791.43652 | CE77: Motion pictures - History - Ja | CF77: Motion pictures - History | CG77: Youth in motion pictures | CH77: Japan
A78: 9781041187592 | C78: Raine, Michael (EDT)/ Nordstroem, Johan (EDT) | D78: The Culture of the Sound Image in Prewar Japan | G78: PAP | H78: pap. | I78: Routledge | J78: GB | K78: 202512 | M78: 228 p. | N78: 234mmx156mmx- | O78: GBP | P78: 47.99 | Q78: 14109 | R78: 10759 | AG78: B34 | AH78: B35 | AQ78: J | BF78: ANN202608 | BG78: J202609 | BT78: 戦前の日本における映画とレコード音楽の文化 | BU78: New in paperback. Hardcover was published in 2011 This collection of essays explores the development of electronic sound recording in Japanese cinema, radio, and popular music to illuminate the interrelationship of aesthetics, technology, and cultural modernity in prewar Japan. Putting the cinema at the center of a ‘culture of the sound image’, it restores complexity to a media transition that is often described simply as slow and reluctant. | CB78: 781.5421 | CE78: Motion picture music - Japan | CF78: Motion picture music | CG78: Sound in motion pictures | CH78: Sound recordings - Japan | CI78: Sound recordings
A79: 9781032698557 | C79: Blasdel, Christopher Yohmei | D79: Jiuta Sokyoku Lyrics and Explanations : Songs of the Floating World(SOAS Studies in Music) | G79: PAP | H79: pap. | I79: Routledge | J79: GB | K79: 202605 | M79: 342 p.; 3 Illustrations, black and white 25 Illustrations, | N79: 229mmx152mmx- | O79: GBP | P79: 47.99 | Q79: 14109 | R79: 10759 | AG79: B35 | AQ79: J | BF79: TF24Q2S2 | BG79: J202406 | BH79: SB3220E | BI79: SB3225 | BJ79: ANN202607 | BK79: J202609 | BT79: 江戸の唄：地歌筝曲の詞と解説 | BU79: New in paperback. Hardcover was published in 2024. This is a compendium of seventy-three representative songs from the well-known genre of traditional Japanese Edo-period sankyoku ensemble music. Including extensive annotations along with commentaries and notes on their musical and performative aspects, the collection begins with an overview which traces the history of the jiuta sokyoku genre and the various socio-political influences at work in its formation. The translations and analyses are followed by a substantive glossary and bibliography, allowing for a deeper understanding of both the literary and musical aspects of jiuta sokyoku compositions. | CB79: 782.42095 | CE79: Jiuta - History and criticism | CF79: Jiuta - Texts | CG79: Songs, Japanese - Texts | CH79: Japanese poetry - Translations
A80: 9783032246363 | C80: Chang, Hyun Kyong Hannah (EDT)/ Law, Hedy (EDT)/ Rao, Nancy Yunhwa (EDT) | D80: Music and Sound in Transpacific East Asia : Transformations and Trajectories | G80: HRD | I80: Palgrave Macmillan | J80: DE | K80: 202608 | M80: 395 p.; XII, 395 p. 23 illus., 14 illus. in color. | O80: EUR | P80: 149.99 | Q80: 37497 | R80: 27736 | AG80: B35 | AH80: A60 | AI80: C128 | AQ80: J | BF80: J202609 | BT80: 音楽・音響のトランスパシフィック東アジア交流史 | BU80: This collection of fourteen essays details a wealth of musical and sonic formations that emerged from neglected histories of transpacific circulations - from Cantonese opera in late-nineteenth-century San Francisco and Japanese tango musicians in 1930s Shanghai to church bells constructed from U.S. military oxygen tanks in post-Korean War South Korea. From the Contents: 2. Where 'Ideal Gender Relations' Are Possible: Japanese Tango Musicians in Shanghai and Manchuria, 1935-1945; 3. Celebration and Celebrants: The Multicultural Spectacle of Todaiji Temple's Eye-Opening Ceremony;6. European Symphonies on the Radio for the 2600th Anniversary of the Founding of Japan; 13. Finding Japan in American Jazz: Jazz Discourse across Japanese Postwar Print Journalism; 14.Resurfacing Tropics: Hawaiiana and the Dreams of Empire in Japan, 1929-1963. | CC80: KNO5900
A81: 9781350549043 | C81: Jamieson, Daryl | D81: Experimental Music and Japanese Aesthetics : Silence, Nature, and Hollow Listening(Bloomsbury Introductions to World Philosophies) | G81: HRD | I81: Bloomsbury Academic | J81: GB | K81: 202608 | M81: 264 p. | N81: 218mmx144mmx20mm | O81: GBP | P81: 55 | Q81: 16170 | R81: 12980 | AG81: B35 | AH81: A112 | AI81: A16 | AQ81: J | BF81: J202609 | BT81: 実験音楽と日本的美学：沈黙、自然、空の聴覚文化 | BU81: This is a rich, interdisciplinary exploration of music through Japanese aesthetics that calls for a new way to think about nature and the role of silence. Introducing the unique features of Japanese aesthetics, Jamieson connects it to the North American music tradition that includes John Cage and his deep interest in Zen and Fluxus artists such as Yoko Ono. | CB81: 111.85
A82: 9781350549036 | C82: Jamieson, Daryl | D82: Experimental Music and Japanese Aesthetics : Silence, Nature, and Hollow Listening(Bloomsbury Introductions to World Philosophies) | G82: PAP | H82: pap. | I82: Bloomsbury Academic | J82: GB | K82: 202608 | M82: 264 p. | N82: 214mmx138mmx20mm | O82: GBP | P82: 17.99 | Q82: 5289 | R82: 4245 | AG82: B35 | AH82: A112 | AI82: A16 | AQ82: J | BF82: ANN202606 | BG82: J202609 | BT82: 実験音楽と日本的美学：沈黙、自然、空の聴覚文化 | BU82: This is a rich, interdisciplinary exploration of music through Japanese aesthetics that calls for a new way to think about nature and the role of silence. Introducing the unique features of Japanese aesthetics, Jamieson connects it to the North American music tradition that includes John Cage and his deep interest in Zen and Fluxus artists such as Yoko Ono. | CB82: 111.85
A83: 9780472077946 | C83: Kaneda, Miki | D83: Transpacific Experiments : Intermedia Art and Music in 1960s Japan | G83: HRD | I83: The University of Michigan Press | J83: US | K83: 202604 | M83: 226 p.; 17 Illustrations and 1 table | N83: 229mmx152mmx- | O83: USD | P83: 85 | Q83: 18275 | R83: 16915 | AG83: B35 | AQ83: J | BF83: J202609 | BT83: 1960年代の日本におけるインターメディア・アートと音楽の実験 | BU83: Miki Kaneda analyzes intermedia as a practice that gives form to errant possibilities, unfolding in spaces of the everyday, to offer nuanced insights into the global flow of ideas, influence, and discourses of appropriation. The stories of intermedia art throughout the study offer feminist and transnational perspectives on experimental music and art that disorient existing narratives about the experimental and political in unexpected ways. | CB83: 780.95209
A84: 9780472057948 | C84: Kaneda, Miki | D84: Transpacific Experiments : Intermedia Art and Music in 1960s Japan | G84: PAP | H84: pap. | I84: The University of Michigan Press | J84: US | K84: 202604 | M84: 226 p.; 17 Illustrations and 1 table | N84: 229mmx152mmx- | O84: USD | P84: 29.95 | Q84: 6439 | R84: 5960 | AG84: B35 | AQ84: J | BF84: ANN202606 | BG84: J202609 | BT84: 1960年代の日本におけるインターメディア・アートと音楽の実験 | BU84: Miki Kaneda analyzes intermedia as a practice that gives form to errant possibilities, unfolding in spaces of the everyday, to offer nuanced insights into the global flow of ideas, influence, and discourses of appropriation. The stories of intermedia art throughout the study offer feminist and transnational perspectives on experimental music and art that disorient existing narratives about the experimental and political in unexpected ways. | CB84: 780.95209
A85: 9780197620410 | C85: McCorkle Okazaki, Brooke | D85: Searching for Wagner in Japan(New Cultural History of Music) | G85: HRD | I85: Oxford University Press Inc | J85: GB | K85: 202604 | M85: 352 p.; 91 | N85: 237mmx165mmx23mm | O85: GBP | P85: 91 | Q85: 26754 | R85: 21476 | AG85: B35 | AQ85: J | BF85: J202609 | BG85: KINOPPY | BT85: 日本のワグネリアン：グローバル音楽史の中のワーグナー受容 | BU85: Through the lens of global history, Japanese cultural studies, and musicology, this book presents a new way of understanding Wagnerism as it filtered through modern Japanese culture. Wagnerism is entangled in modernity, and in Japan these entanglements surfaced not only on the operatic stage, but also in sheet music, film, and popular literature. Author Brooke McCorkle Okazaki documents Wagner's opera premieres and utilizes mass media-such as film, magazines, and comics-to explore the interplay of modernity and Wagnerism in Japan. | CB85: 782.10952 | CE85: Music - Western influences - J | CF85: Music - Western influences | CG85: Nationalism - History - Japan | CH85: Nationalism - History | CI85: Japan
A86: 9781041278573 | C86: D. Amos, Timothy (EDT) | D86: Handbook of Buraku Studies(Handbooks on Japanese Studies) | G86: HRD | I86: Routledge | J86: GB | K86: 202608 | M86: 312 p.; 13 Illustrations, black and white 13 Halftones, bl | N86: 246mmx174mmx- | O86: GBP | P86: 260 | Q86: 76440 | R86: 58292 | AG86: C122 | AQ86: Q | AR86: J | AS86: G | BF86: J202609 | BG86: HBJS | BT86: 日本の部落研究ハンドブック | BU86: The handbook situates Buraku Studies by examining the origins of the Burakumin, from Japan’s medieval outcaste groups and their connections and continuities into the early modern social class system of Tokugawa Japan. The chapters also explore the intersectionality of this group’s experiences across gender, class, and migration status, revealing how their voices were marginalized and their liberation efforts were entangled with colonial complicity. | CB86: 305.5681 | CE86: Buraku people - Social conditi | CF86: Buraku people - History
A87: 9789819217496 | C87: Tao, Yoichi | D87: Revitalizing Fukushima after the Nuclear Disaster : Coexisting with Nature in Iitate village | G87: HRD | I87: Springer | J87: DE | K87: 202608 | M87: 138 p.; XII, 138 p. 58 illus., 52 illus. in color. | N87: 235mmx155mmx- | O87: EUR | P87: 119.99 | Q87: 29997 | R87: 27837 | AG87: C126 | AH87: D251 | AI87: F44 | AQ87: J | BF87: J202609 | BT87: 田尾陽一（著）／原発事故後の福島再生：飯舘村における自然との共存 | BU87: This book tells the story of how residents of Iitate village and volunteers from across Japan came together to address the many complex issues that followed the Fukushima nuclear disaster. It takes a practical, every day, scientific and human approach to discuss how humans might once again co-exist with nature in the context of fundamental shifts in human civilization, learning from Iitate village.
A88: 9789819587032 | C88: Uekusa, Shinya (EDT)/ Nguyen-Trung, Kien (EDT)/ Boret, Sebastien Penmellen (EDT) | D88: Critical Disaster Studies in Asia and the Pacific(Palgrave Studies in Disaster Science and Emergency Management) | G88: HRD | I88: Palgrave Macmillan | J88: DE | K88: 202608 | M88: 622 p.; XXX, 622 p. | O88: EUR | P88: 169.99 | Q88: 42497 | R88: 31434 | AG88: C126 | AQ88: J | BF88: J202609 | BT88: アジア太平洋における批判的災害研究 | BU88: Across four parts - foundations; (re)conceptualising disasters; methods; and critical voices from the field - the chapters develop key ideas such as critical vulnerability, structural/prospective amnesia, and disaster populism; advance plural, decolonising methodologies (including talanoa, autoethnography and co-production of knowledge); and offer grounded cases from Aotearoa New Zealand, Japan, the Philippines, Rapa Nui, Chile, Vietnam and the Pacific.
A89: 9781666954739 | C89: Kuwahara, Yasue | D89: Diversity and Inclusion in Japanese Television Drama : Disability, Gender, Race, and Sexuality(New Studies in Modern Japan) | G89: HRD | I89: Bloomsbury Academic | J89: GB | K89: 202611 | M89: 160 p.; 2 tables | N89: 229mmx152mmx- | O89: GBP | P89: 80 | Q89: 23520 | R89: 18880 | AG89: C133 | AH89: B34 | AQ89: J | BF89: J202609 | BT89: 日本のテレビドラマにおける多様性と包摂：障害、ジェンダー、人種、セクシュアリティ | BU89: This book analyzes how Japanese dramas have portrayed gender, sexual orientation, race, ethnicity, and disability, revealing the cultural logics that shape who is included, how, and to what extent. Drawing on close textual readings, the book uncovers the subtle and overt ways that TV dramas negotiate Japan’s evolving social landscape.
A90: 9789819235438 | C90: Kaigo, Muneo (EDT)/ Yamamoto, Hidehiro (EDT) | D90: Digital Transformation and Public Acceptance in Japan : Legal, Institutional, and Civic Perspectives(Advances in Information and Communication Research 8) | G90: HRD | I90: Springer | J90: DE | K90: 202609 | M90: 250 p.; X, 250 p. 70 illus. | N90: 235mmx155mmx- | O90: EUR | P90: 149.99 | Q90: 37497 | R90: 34797 | AG90: C134 | AH90: D223 | AI90: D152 | AQ90: J | BF90: J202609 | BT90: 海後宗男・山本英弘（共）編／日本におけるデジタル化と社会的受容：法・制度・市民の視座 | BU90: This book elucidates the contemporary condition and inherent challenges of digitalization within Japan, concentrating predominantly on the political and administrative domains. Through this analysis, the book substantively deepens the comprehension of the dynamics governing the acceptance and proliferation of digital technology within Japanese society, thereby offering recommendations for the formulation of more efficacious public policy.
A91: 9781041278658 | C91: Hassall Kobayashi, Yasuko (EDT)/ Takahashi, Shinnosuke (EDT) | D91: Handbook of Global Migration and Japan(Handbooks on Japanese Studies) | G91: HRD | I91: Routledge | J91: GB | K91: 202610 | M91: 342 p.; 9 Illustrations, black and white 8 Halftones, blac | N91: 246mmx174mmx- | O91: GBP | P91: 260 | Q91: 76440 | R91: 58292 | AG91: C150 | AH91: D251 | AI91: E191 | AQ91: J | AR91: G | AS91: Q | BF91: HBJS | BG91: J202609 | BT91: グローバル移住と日本ハンドブック | BU91: This handbook explores Japan’s relationship with migration by reconceptualizing the country from transnational perspectives. Through a critical reassessment of the traditional notion that Japan lacks an immigration policy, this volume reveals the ways in which the Japanese state and society have, in practice, engaged with immigration issues. It explores incremental policy adaptations, intricates social realities, and scrutinizes the implications of policy failures. Through this analysis, it provides a nuanced understanding of immigration governance and the dynamics of coexistence with migrants in contemporary Japan. By offering a foundation for understanding the current landscape of immigration and refugee experiences in Japan, this book presents an environment of coexistence grounded in | CB91: 304.852 | CE91: Japan - Social conditions | CF91: Japan - Emigration and immigra | CG91: Japan - Emigration and immigra | CH91: Japan
A92: 9781032888361 | C92: Saveliev, Igor (EDT)/ Hall, Natalie-Anne (EDT) | D92: Migration, Aging and Japan's Sustainable Society(Routledge Contemporary Japan Series) | G92: PAP | H92: pap. | I92: Routledge | J92: GB | K92: 202608 | M92: 214 p.; 14 Illustrations, black and white 10 Halftones, bl | N92: 234mmx156mmx- | O92: GBP | P92: 47.99 | Q92: 14109 | R92: 10759 | AG92: C150 | AH92: C142 | AQ92: J | BF92: J202506 | BG92: SB3255E | BH92: TF25Q3S1 | BI92: SB3268 | BJ92: J202609 | BT92: 移民、高齢化と日本社会の持続可能性 | BU92: New in paperback. Hardcover was published in 2025. This book analyzes the relationship between migration and social sustainability in Japan and examines the transformation of its foreign-national and ethnic minority population over the past thirty years while critically assessing Japan’s immigration and integration policies and their domestic and inter-regional social effects. | CB92: 304.80952 | CE92: Older people - Social conditio | CF92: Japan - Emigration and immigra
A93: 9783032309143 | C93: Stevens, Carolyn/ Ross Bookman, Mark | D93: Disability, COVID-19 and Accessibility in Japan and Australia : Lessons from Lockdown(Palgrave Studies in Disability in Asia and the Pacific) | G93: HRD | I93: Palgrave Macmillan | J93: DE | K93: 202609 | M93: 173 p.; XXI, 173 p. 6 illus., 5 illus. in color. | N93: 210mmx148mmx- | O93: EUR | P93: 39.99 | Q93: 9997 | R93: 7394 | AG93: C173 | AQ93: J | BF93: J202609 | BT93: 日本とオーストラリアにおける障害、COVID-19、アクセシビリティ | BU93: This book reflects on the lived experience of disability during the COVID-19 lockdown in Tokyo and Melbourne. Drawing on the autoethnographic analysis of two personal accounts, it discusses the short and long-term impact of the pandemic on the social isolation and medical vulnerability faced by individuals with disabilities, as well as issues related to the labor market, education, and healthcare systems within a global crisis setting. | CC93: KNO7490
A94: 9789004764613 | C94: Fassbender, Isabel | D94: Active Pursuit of Pregnancy : Neoliberalism, Postfeminism and the Politics of Reproduction in Contemporary Japan (The Intimate and the Public in Asian and Global Perspectives) | G94: PAP | H94: pap. | I94: Brill | J94: NL | K94: 202605 | M94: 292 p. | O94: EUR | P94: 49 | Q94: 12250 | R94: 9849 | AG94: C180 | AH94: C144 | AI94: M47 | AQ94: J | BF94: J202112 | BG94: SB3146E | BH94: CH202210 | BI94: J202609 | BT94: 妊活：現代日本における新自由主義、ポストフェミニズムと生殖の政治学 | BU94: New in paperback. Hardcover was published in 2021. What is Ninkatsu ? Who promotes and governs this active pursuit of pregnancy" ? Trying to answer these questions | BV94: this book exhibits how mass media | BW94: policymakers | BX94: and biomedical science-corporate capitalism govern the individual's reproductive choices in contemporary Japan through gendered discourses of self-improvement | BY94: life planning | BZ94: and biomedical technology." | CG94: 304.63095
A95: 9781032380834 | C95: Aspinall, Robert W. | D95: Middle-Class Boys Schools in England and Japan(Routledge Studies in Education and Society in Asia) | G95: PAP | H95: pap. | I95: Routledge | J95: GB | K95: 202605 | M95: 194 p. | N95: 234mmx156mmx- | O95: GBP | P95: 47.99 | Q95: 14109 | R95: 10759 | AG95: C32 | AH95: A613 | AQ95: J | BF95: J202409 | BG95: SB3226F | BH95: TF24Q4S1 | BI95: SB3256 | BJ95: J202609 | BT95: 英国と日本の中流階級のための中高男子校 | BU95: New in paperback. Hardcover was published in 2024. Drawing on the author’s own experience as a student and a teacher in England and Japan, this book is a comparative study of boys’ secondary schools in these two countries. The book also explores the experiences of boys who do not fit orthodox images of heterosexual masculinity, discussing their interaction with teenage subcultures which encourage non-conformity to middle-class norms. | CB95: 373.42 | CE95: Boys' schools - England | CF95: Boys' schools - Japan | CG95: Boys' schools | CH95: Education, Secondary - England | CI95: Education, Secondary - Japan
A96: 9781032726137 | C96: Goodman, Joyce (EDT)/ Kagawa, Setsuko (EDT) | D96: Women and Educational Reform in History : Japan in a Transnational World(Routledge Studies in Educational History and Development in Asia) | G96: PAP | H96: pap. | I96: Routledge | J96: GB | K96: 202609 | M96: 216 p.; 6 Illustrations, black and white 6 Halftones, blac | N96: 234mmx156mmx- | O96: GBP | P96: 46.99 | Q96: 13815 | R96: 10535 | AG96: C32 | AH96: C144 | AQ96: J | BF96: J202506 | BG96: SB3255E | BH96: TF25Q3S1 | BI96: ANN202609 | BJ96: J202609 | BT96: 女性と教育改革の歴史：国境を越える世界の中の日本 | CB96: 370.82095 | CE96: Education - Japan - History - | CF96: Education - Japan - History - | CG96: Educational change - Japan - H | CH96: Educational change - Japan - H | CI96: Women in education - Japan - H
A97: 9781032991924 | C97: Takahashi, Akihiko | D97: Teaching Mathematics Through Problem-Solving : A Pedagogical Approach from Japan(Studies in Mathematical Thinking and Learning Series) | F97: 2nd | G97: HRD | I97: Routledge | J97: GB | K97: 202609 | M97: 228 p.; 156 Illustrations, black and white 11 Halftones, b | N97: 229mmx152mmx- | O97: GBP | P97: 171.99 | Q97: 50565 | R97: 38560 | AG97: C340 | AH97: F103 | AQ97: J | BF97: J202609 | BT97: 日本発の問題解決型数学教育（第２版） | BU97: This new edition offers an in-depth introduction to the approaches of Teaching Through Problem-solving (TTP) and Collaborative Lesson Research (CLR), providing lessons and techniques for primary and secondary classrooms. Suitable for pre-service and in-service math educators, this bookoffers an innovative approach to teaching mathematics. | CB97: 510.71 | CE97: Mathematics - Study and teachi | CF97: Problem solving - Study and te
A98: 9781032991917 | C98: Takahashi, Akihiko | D98: Teaching Mathematics Through Problem-Solving : A Pedagogical Approach from Japan(Studies in Mathematical Thinking and Learning Series) | F98: 2nd | G98: PAP | H98: pap. | I98: Routledge | J98: GB | K98: 202609 | M98: 228 p.; 156 Illustrations, black and white 11 Halftones, b | N98: 229mmx152mmx- | O98: GBP | P98: 47.99 | Q98: 14109 | R98: 10759 | AG98: C340 | AH98: F103 | AQ98: J | BF98: J202609 | BT98: 日本発の問題解決型数学教育（第２版） | BU98: This new edition offers an in-depth introduction to the approaches of Teaching Through Problem-solving (TTP) and Collaborative Lesson Research (CLR), providing lessons and techniques for primary and secondary classrooms. Suitable for pre-service and in-service math educators, this bookoffers an innovative approach to teaching mathematics. | CB98: 510.71 | CE98: Mathematics - Study and teachi | CF98: Problem solving - Study and te
A99: 9781032567266 | C99: Kondo, Sachihiko (EDT)/ Sengoku, Yu (EDT)/ Nakano, Ryoko (EDT)/ Okada, Akito (EDT) | D99: International Student Mobility in Japan : Higher Education in the Era of the New Normal(Routledge Research in Education Policy and Politics) | G99: PAP | H99: pap. | I99: Routledge | J99: GB | K99: 202605 | M99: 202 p.; 42 Illustrations, black and white 17 Halftones, bl | N99: 234mmx156mmx- | O99: GBP | P99: 46.99 | Q99: 13815 | R99: 10535 | AG99: C344 | AQ99: J | BF99: TF24Q4S2 | BG99: J202412 | BH99: SB3241E | BI99: ANN202606 | BJ99: J202609 | BT99: 近藤佐知彦・仙石祐・中野遼子・岡田昭人（共）編／日本における留学生の流動性 | BU99: New in paperback. Hardcover was published in 2024. Through analysing a wide range of data, the book engages historical, cultural, linguistic and pedagogical contexts relating to higher education in Japan. With a particular focus on Japanese tertiary education, the chapters provide comprehensive analysis from surveys and interviews conducted since 2020 amongst Japanese and non-Japanese Higher Education institutions (HEIs) on leadership styles, decision-making behaviours and perspectives on higher education practices in Japan. | CA99: 102 | CB99: 370.11621 | CE99: Student exchange programs - Ja | CF99: Student exchange programs | CG99: Japan
A100: 9783032317353 | C100: Kiener, Johannes | D100: The Precarious City : Social Change and Capital Reinvestment in Osaka's Shadow of Gentrification(The Urban Book Series) | G100: HRD | I100: Springer | J100: DE | K100: 202610 | M100: 162 p.; XIV, 162 p. 23 illus., 18 illus. in color. | N100: 235mmx155mmx- | O100: EUR | P100: 89.99 | Q100: 22497 | R100: 16640 | AG100: C50 | AQ100: J | BF100: J202609 | BG100: KINOPPY | BT100: 不安定な都市：大阪におけるジェントリフィケーションの影と社会変革・資本再投資 | BU100: While global urban discourse remains dominated by the spectacular, high-rise gentrification of central city areas, this book aims to deepen our understanding of the quiet, mundane redevelopments that transform the inner-city neighborhoods of the Global East. Exploring this shadow of gentrification | BV100: it provides a rich empirical analysis of Osaka, Japan-a primary example of emerging neoliberalism playing out across an inner-city shaped by the developmental state. | CD100: KNO7430
...

Sheet BWPリンク生成
A1: URL前半 | B1: https://pro.kinokuniya.co.jp/search_detail/product?search_detail_called=1&table_kbn=E&exp_id=
A2: ISBN | B2: URL
A3: =アナメン詳細!A2 -> 9780241839270 | B3: =CONCATENATE($B$1,A3) -> https://pro.kinokuniya.co.jp/search_detail/product?search_detail_called=1&table_kbn=E&exp_id=9780241839270
A4: =アナメン詳細!A3 -> 9789004769724 | B4: =CONCATENATE($B$1,A4) -> https://pro.kinokuniya.co.jp/search_detail/product?search_detail_called=1&table_kbn=E&exp_id=9789004769724
A5: =アナメン詳細!A4 -> 9781041278696 | B5: =CONCATENATE($B$1,A5) -> https://pro.kinokuniya.co.jp/search_detail/product?search_detail_called=1&table_kbn=E&exp_id=9781041278696
A6: =アナメン詳細!A5 -> 9783032307163 | B6: =CONCATENATE($B$1,A6) -> https://pro.kinokuniya.co.jp/search_detail/product?search_detail_called=1&table_kbn=E&exp_id=9783032307163
A7: =アナメン詳細!A6 -> 9781350557512 | B7: =CONCATENATE($B$1,A7) -> https://pro.kinokuniya.co.jp/search_detail/product?search_detail_called=1&table_kbn=E&exp_id=9781350557512
A8: =アナメン詳細!A7 -> 9781032588759 | B8: =CONCATENATE($B$1,A8) -> https://pro.kinokuniya.co.jp/search_detail/product?search_detail_called=1&table_kbn=E&exp_id=9781032588759
A9: =アナメン詳細!A8 -> 9781350640979 | B9: =CONCATENATE($B$1,A9) -> https://pro.kinokuniya.co.jp/search_detail/product?search_detail_called=1&table_kbn=E&exp_id=9781350640979
A10: =アナメン詳細!A9 -> 9781041279037 | B10: =CONCATENATE($B$1,A10) -> https://pro.kinokuniya.co.jp/search_detail/product?search_detail_called=1&table_kbn=E&exp_id=9781041279037
A11: =アナメン詳細!A10 -> 9781803514260 | B11: =CONCATENATE($B$1,A11) -> https://pro.kinokuniya.co.jp/search_detail/product?search_detail_called=1&table_kbn=E&exp_id=9781803514260
A12: =アナメン詳細!A11 -> 9783032253750 | B12: =CONCATENATE($B$1,A12) -> https://pro.kinokuniya.co.jp/search_detail/product?search_detail_called=1&table_kbn=E&exp_id=9783032253750
A13: =アナメン詳細!A12 -> 9798880702732 | B13: =CONCATENATE($B$1,A13) -> https://pro.kinokuniya.co.jp/search_detail/product?search_detail_called=1&table_kbn=E&exp_id=9798880702732
A14: =アナメン詳細!A13 -> 9781041184171 | B14: =CONCATENATE($B$1,A14) -> https://pro.kinokuniya.co.jp/search_detail/product?search_detail_called=1&table_kbn=E&exp_id=9781041184171
... A127: =アナメン詳細!A126 -> 9789819224470 | B127: =CONCATENATE($B$1,A127) -> https://pro.kinokuniya.co.jp/search_detail/product?search_detail_called=1&table_kbn=E&exp_id=9789819224470
A128: =アナメン詳細!A1689 -> 0
A129: =アナメン詳細!A1690 -> 0
A130: =アナメン詳細!A1691 -> 0
A131: =アナメン詳細!A1692 -> 0
A132: =アナメン詳細!A1693 -> 0
A133: =アナメン詳細!A1694 -> 0
A134: =アナメン詳細!A1695 -> 0
A135: =アナメン詳細!A1696 -> 0
A136: =アナメン詳細!A1697 -> 0
A137: =アナメン詳細!A1698 -> 0
A138: =アナメン詳細!A1699 -> 0
A139: =アナメン詳細!A1700 -> 0
... A469: =アナメン詳細!A2030 -> 0

Sheet KDC
A1: A | B1: 哲学・宗教・歴史地理・地域文化 | C1: Philosophy, Religion & History
A2: A0 | B2: 総記 | C2: GENERALITIES
A3: A00 | B3: 学術・文化一般 | C3: Scholarship & Culture in General
A4: A01 | B4: 書物の歴史・文化 | C4: Book History & Culture
A5: A02 | B5: 書誌 | C5: Bibliography
A6: A03 | B6: 図書館学・情報科学 | C6: Library & Information Science
A7: A04 | B7: 博物館学・文化資源学 | C7: Museology & Cultural Resource
A8: A05 | B8: 百科事典・レファレンス | C8: Encyclopedias & References
A9: A06 | B9: 人名事典・ダイレクトリー | C9: Biographical Dic. & Directory
A10: A07 | B10: 出版・メディア | C10: Publishing & Media
A11: A08 | B11: 統計・年鑑 | C11: Statistics & Yearbook
A12: A09 | B12: スタディガイド他 | C12: Study Guides & Others
... A736: G95 | B736: フィットネス・健康・家庭の医学 | C736: Fitness, Health & Family Medicine
A737: HRD | B737: ハードカバー
A738: PAP | B738: ペーパーバック
A739: 0
